 Dungeon Crawl Stone Soup version 0.32-a0-314-g526f7d4993 (webtiles) character file.

Game seed: 142584554353503230

13701530 NoMoreGames the Conqueror (level 27, 377/377 HPs)
             Began as an Oni Warper on Feb 12, 2024.
             Was the Champion of Cheibriados.
             Escaped with the Orb
             ... and 15 runes on Feb 15, 2024!
             The game lasted 04:23:35 (116694 turns).

NoMoreGames the Conqueror (Oni Warper)            Turns: 116694, Time: 04:23:35

Health: 377/377    AC: 45    Str: 47    XL:     27
Magic:  54/54      EV: 42    Int: 34    God:    Cheibriados [******]
Gold:   14802      SH: 38    Dex: 34    Spells: 60/80 levels left

rFire   . . .        p - +9 demon trident (elec)
rCold   . . .        U - +8 tower shield {AC+3}
rNeg    + + .        o - melded +3 troll leather armour
rPois   ∞            P - +2 hat of the Evil One {Will++}
rElec   +            S - +1 cloak of Faafal {rPois rCorr Str+5 Dex+3}
rCorr   +            (gloves unavailable)
SInv    +            (boots unavailable)
Will    +++++        Y - amulet of regeneration
Stlth   +            t - ring "Uddeophu" {Str+2 SInv}
HPRegen 1.62/turn    y - ring of the Thirsty Gods {rElec rF+ rN+ Int+3 Dex+6}
MPRegen 0.34/turn

%: random rage (3%)
@: statue-form, studying 2 skills, very slow
A: slow and powerful, torment resistance 1, boosted hp, large, unfitting armour,
horns 2, (tough skin 1), double potion healing, drunken brawling, claws 1,
berserk 1, deformed body, deterioration 1, frail 1, strong-willed 1, sense
surroundings 1, screaming 1, inhibited regeneration, weak 2, no potion heal 1,
heat vulnerability 1, subdued magic 2, inability to drink after injury 2,
devolution 1
0: Orb of Zot
}: 15/15 runes: decaying, slimy, silver, golden, iron, obsidian, icy, bone,
abyssal, demonic, glowing, magical, fiery, dark, gossamer
a: Begin Untransformation, Renounce Religion, Bend Time, Temporal Distortion,
Slouch, Step From Time


You escaped.
You worshipped Cheibriados.
Cheibriados was exalted by your worship.
You were a living statue of rough stone.
You visited 18 branches of the dungeon, and saw 86 of its levels.
You visited Pandemonium 1 time, and saw 14 of its levels.
You visited the Abyss 2 times.
You also visited: Trove, Gauntlet, Ice Cave and Wizlab.

You collected 16675 gold pieces.
You spent 1873 gold pieces at shops.

Inventory:

Hand Weapons
 m - a +8 antimagic demon trident
 p - a +9 demon trident of electrocution (weapon)
Armour
 o - a +3 troll leather armour (melded)
 P - the +2 hat of the Evil One (worn) {Will++}
   (You found it on level 1 of the Vaults)

   Will++:    It greatly increases your willpower.
 S - the +1 cloak of Faafal (worn) {rPois rCorr Str+5 Dex+3}
   (You found it in a wizard's laboratory)

   Str+5:     It affects your strength (+5).
   Dex+3:     It affects your dexterity (+3).
   rPois:     It protects you from poison rCorr: It protects you from acid and
   corrosion.
 U - a +8 tower shield of protection (worn)
Jewellery
 f - the ring of Ogysediu {rF++ Slay+4}
   (You took it off a deep elf sorcerer on level 3 of the Elven Halls)

   [ring of slaying]

   Slay+4:    It affects your accuracy & damage with ranged weapons and melee
   (+4).
   rF++:      It greatly protects you from fire.
 i - the ring of Vohaerphi {rElec rF+ Slay+3}
   (You took it off a deep elf elementalist on level 3 of the Elven Halls)

   [ring of protection from fire]

   Slay+3:    It affects your accuracy & damage with ranged weapons and melee
   (+3).
   rF+:       It protects you from fire.
   rElec:     It insulates you from electricity.
 j - the ring "Rehoxkoaw" {Fly rC+ EV+5}
   (You took it off Antaeus on level 7 of Cocytus)

   [ring of evasion]

   EV+5:      It affects your evasion (+5).
   rC+:       It protects you from cold.
   Fly:       It grants you flight.
 t - the ring "Uddeophu" (left claw) {Str+2 SInv}
   (You found it on level 3 of the Elven Halls)

   [ring of see invisible]

   Str+2:     It affects your strength (+2).
   SInv:      It lets you see invisible.
 y - the ring of the Thirsty Gods (right claw) {rElec rF+ rN+ Int+3 Dex+6}
   (You took it off a centaur warrior on level 11 of the Dungeon)

   [ring of dexterity]

   Int+3:     It affects your intelligence (+3).
   Dex+6:     It affects your dexterity (+6).
   rF+:       It protects you from fire.
   rElec:     It insulates you from electricity.
   rN+:       It protects you from negative energy.
 z - the ring "Peum" {rF+ rN+}
   (You found it on level 7 of Tartarus)

   [ring of positive energy]

   rF+:       It protects you from fire.
   rN+:       It protects you from negative energy.
 A - the ring of Amitul {Wiz +Blink Stlth+}
   (You found it on level 3 of the Tomb of the Ancients)

   [ring of wizardry]

   Wiz:       It improves your spell success rate.
   +Blink:    It lets you blink.
   Stlth+:    It makes you more stealthy.
 J - the ring of Relativism {rPois rC+ Int+6 Dex+3}
   (You took it off a deep elf death mage on level 5 of the Vaults)

   [ring of intelligence]

   Int+6:     It affects your intelligence (+6).
   Dex+3:     It affects your dexterity (+3).
   rC+:       It protects you from cold.
   rPois:     It protects you from poison
 N - the ring "Waomnysu" {Fly rF+ Int+4}
   (You found it on level 7 of the Iron City of Dis)

   [ring of flight]

   Int+4:     It affects your intelligence (+4).
   rF+:       It protects you from fire.
   Fly:       It grants you flight.
 Q - the ring of the Sybil {+Blink rF+ rC+ Str-5 Dex+4 Stlth+}
   (You bought it in a shop on level 7 of the Dungeon)

   [ring of protection from cold]

   Str-5:     It affects your strength (-5).
   Dex+4:     It affects your dexterity (+4).
   rF+:       It protects you from fire.
   rC+:       It protects you from cold.
   +Blink:    It lets you blink.
   Stlth+:    It makes you more stealthy.
 Y - an amulet of regeneration (around neck)
Talismans
 L - a talisman of death
 R - a granite talisman (active)
Wands
 b - a wand of quicksilver (42)
 T - a wand of digging (14)
Scrolls
 c - 13 scrolls of blinking
 d - 22 scrolls of teleportation
 e - 6 scrolls of torment
 l - 8 scrolls of amnesia
 n - 2 scrolls of revelation
 r - 58 scrolls of identify
 s - 8 scrolls of silence
 w - 9 scrolls of poison
 x - 4 scrolls of brand weapon
 C - 14 scrolls of immolation
 D - 3 scrolls of enchant armour
 F - 17 scrolls of fog
 H - 5 scrolls of fear
 I - 8 scrolls of vulnerability
 X - 3 scrolls of butterflies
Potions
 a - 2 potions of invisibility
 g - 3 potions of berserk rage
 h - 8 potions of enlightenment
 k - 17 potions of attraction
 q - 4 potions of heal wounds
 u - 27 potions of curing
 v - 4 potions of might
 B - a potion of cancellation
 E - 8 potions of brilliance
 G - 4 potions of ambrosia
 K - 10 potions of lignification
 M - 2 potions of resistance
 O - 2 potions of magic
Miscellaneous
 V - a figurine of a ziggurat


   Skills:
 O Level 27 Fighting
 O Level 27 Polearms
 - Level 1.0 Throwing
 - Level 11.0 Armour
 O Level 27 Dodging
 O Level 27 Shields
 O Level 27 Spellcasting
 - Level 10.0 Translocations
 + Level 24.3 Fire Magic
 - Level 5.0 Air Magic
 - Level 12.0 Invocations
 - Level 0.1 Evocations
 - Level 25.0 Shapeshifting


You had 60 spell levels left.
You knew the following spells:

 Your Spells              Type           Power      Damage    Failure   Level
a - Blink                 Tloc           100%       N/A       0%          2
b - Lesser Beckoning      Tloc           100%       N/A       0%          2
c - Manifold Assault      Tloc           63%        N/A       0%          4
d - Vhi's Electric Charg  Tloc/Air       100%       N/A       1%          4
e - Ignition              Fire           46%        3d13      1%          8

Your spell library contained the following spells:

 Spells                   Type           Power      Damage    Failure   Level
 Apportation              Tloc           100%       N/A       0%          1
 Scorch                   Fire           100%       2d9       0%          2
 Gell's Gravitas          Tloc           63%        N/A       0%          3
 Inner Flame              Hex/Fire       69%        N/A       0%          3
 Teleport Other           Tloc           63%        N/A       0%          3
 Volatile Blastmotes      Fire/Tloc      100%       2d18      0%          3
 Flame Wave               Conj/Fire      69%        2d16      0%          4
 Ignite Poison            Fire/Alch      69%        N/A       0%          4
 Passage of Golubria      Tloc           63%        N/A       0%          4
 Sticky Flame             Fire/Alch      69%        2d11      0%          4
 Summon Blazeheart Golem  Fire/Summ      69%        N/A       0%          4
 Freeze                   Ice            100%       1d10      1%          1
 Kiss of Death            Conj/Necr      100%       2d13      1%          1
 Magic Dart               Conj           100%       1d8       1%          1
 Sandblast                Erth           56%        2d13      1%          1
 Slow                     Hex            100%       N/A       1%          1
 Sting                    Conj/Alch      100%       1d9       1%          1
 Summon Small Mammal      Summ           100%       N/A       1%          1
 Call Imp                 Summ           56%        N/A       1%          2
 Cigotuvi's Dreadful Rot  Necr/Alch/Air  70%        N/A       1%          2
 Ensorcelled Hibernation  Hex/Ice        56%        N/A       1%          2
 Jinxbite                 Hex            56%        N/A       1%          2
 Mercury Vapours          Alch/Air       78%        N/A       1%          2
 Momentum Strike          Conj/Tloc      98%        3d10      1%          2
 Searing Ray              Conj           56%        2d6       1%          2
 Static Discharge         Conj/Air       78%        3-7/arc   1%          2
 Call Canine Familiar     Summ           28%        N/A       1%          3
 Confusing Touch          Hex            28%        N/A       1%          3
 Frozen Ramparts          Ice            56%        1d9       1%          3
 Hailstorm                Conj/Ice       28%        3d8       1%          3
 Ozocubu's Armour         Ice            28%        N/A       1%          3
 Passwall                 Erth           28%        N/A       1%          3
 Sigil of Binding         Hex            28%        N/A       1%          3
 Stone Arrow              Conj/Erth      56%        3d10      1%          3
 Summon Ice Beast         Ice/Summ       28%        N/A       1%          3
 Swiftness                Air            49%        N/A       1%          3
 Tukima's Dance           Hex            28%        N/A       1%          3
 Vampiric Draining        Necr           28%        2d8       1%          3
 Airstrike                Air            24%        2d(4-20)  1%          4
 Dimensional Bullseye     Hex/Tloc       24%        N/A       1%          4
 Iskenderun's Mystic Bla  Conj/Tloc      49%        2d11      1%          4
 Summon Lightning Spire   Summ/Air       39%        N/A       1%          4
 Fireball                 Conj/Fire      34%        3d14      1%          5
 Summon Forest            Summ/Tloc      24%        N/A       1%          5
 Dispersal                Tloc           31%        N/A       1%          6
 Plasma Beam              Fire/Air       37%        2x1d50    1%          6
 Starburst                Conj/Fire      34%        6d10      1%          6
 Animate Armour           Summ/Erth      56%        N/A       2%          4
 Animate Dead             Necr           28%        N/A       2%          4
 Brom's Barrelling Bould  Conj/Erth      28%        2d5       2%          4
 Dispel Undead            Necr           28%        3d13      2%          4
 Fulminant Prism          Conj/Alch      14%        3d9       2%          4
 Martyr's Knell           Necr/Summ      28%        N/A       2%          4
 Olgreb's Toxic Radiance  Alch           28%        N/A       2%          4
 Arcjolt                  Conj/Air       19%        1d29      2%          5
 Silence                  Hex/Air        19%        N/A       2%          5
 Freezing Cloud           Conj/Ice/Air   17%        6-21      4%          5
 Alistair's Intoxication  Alch           18%        N/A       9%          5
 Irradiate                Conj/Alch      14%        3d16      9%          5
 Iskenderun's Battlesphe  Conj           28%        2d8       9%          5
 Metabolic Englaciation   Hex/Ice        14%        N/A       9%          5
 Summon Mana Viper        Hex/Summ       28%        N/A       9%          5
 Yara's Violent Unravell  Hex/Alch       14%        3d7       9%          5
 Conjure Ball Lightning   Conj/Air       19%        3x3d6     19%         6
 Malign Gateway           Summ/Tloc      24%        N/A       36%         7
 Disjunction              Tloc           31%        N/A       36%         8
 Bombard                  Conj/Erth      14%        9d3       47%         6
 Death Channel            Necr           14%        N/A       47%         6
 Sculpt Simulacrum        Ice/Alch       14%        N/A       47%         6
 Summon Cactus Giant      Summ           14%        N/A       47%         6
 Fire Storm               Conj/Fire      34%        8d9       95%         9
 Haunt                    Necr/Summ      14%        N/A       97%         7
 Monstrous Menagerie      Summ           14%        N/A       97%         7
 Orb of Destruction       Conj           14%        9d7       97%         7
 Ozocubu's Refrigeration  Ice            14%        4d10      97%         7
 Spellforged Servitor     Conj/Summ      14%        N/A       97%         7
 Summon Hydra             Summ           14%        N/A       97%         7
 Maxwell's Capacitive Co  Air            24%        ∞         97%         8
 Infestation              Necr           14%        N/A       100%        8
 Lehudib's Crystal Spear  Conj/Erth      14%        10d5      100%        8
 Summon Horrible Things   Summ           14%        N/A       100%        8
 Polar Vortex             Ice            14%        12d1*     100%        9


Dungeon Overview and Level Annotations

Branches:
Dungeon (15/15)            Temple (1/1) D:7            Lair (5/5) D:11
  Swamp (4/4) Lair:3       Spider (4/4) Lair:3        Slime (5/5) Lair:5
    Orc (2/2) D:11            Elf (3/3) Orc:2        Vaults (5/5) D:13
  Crypt (3/3) Vaults:3       Tomb (3/3) Crypt:3      Depths (4/4) D:15
   Hell (visited)             Dis (7/7) Hell            Geh (7/7) Hell
    Coc (7/7) Hell            Tar (7/7) Hell            Zot (5/5) Depths:4
  IceCv (visited)          WizLab (visited)         Gauntlet (visited)

Altars:
Ashenzari
Cheibriados
Dithmenos
Elyvilon
Fedhas
Gozag
Hepliaklqana
Kikubaaqudgha
Makhleb
Nemelex Xobeh
Okawaru
Qazlal
Ru
Sif Muna
Trog
Uskayaw
Vehumet
Wu Jian
Xom
Yredelemnul
Zin
The Shining One
Jiyva
Lugonu

Shops:
D:6 !   D:7 **!=   D:11 (   D:15 :   Orc:1 ?   Orc:2 =?(*?   Elf:2 ==
Vaults:1 ([   Vaults:2 :

Portals:
Hell: Depths:1 Depths:2 Depths:3 Depths:4
Abyss: Depths:1 Depths:3 Depths:4
Pandemonium: Depths:2 Depths:4
Ziggurat: Depths:4

Annotations:
Depths:1 1 runed translucent door


Innate Abilities, Weirdness & Mutations

You are a living statue of rough stone.
Your actions are slow, but your melee attacks are powerful.
You are resistant to unholy torment.
Your maximum health is greatly increased.
Your equipment is partially melded.
You are too large for most types of armour.
You are immune to poison.
You have a pair of horns on your head.
((You have tough skin. (AC +1)))
You gain doubled healing and magic from potions.
Whenever you drink a healing potion, you attack all around you.
You have sharp fingernails.
You sometimes lose your temper in combat.
Armour fits poorly on your strangely shaped body.
Your body sometimes deteriorates upon taking damage.
You are frail. (-10% HP)
You are strong-willed. (Will+)
You passively map a small area around you.
You occasionally shout uncontrollably at your foes.
You do not regenerate when monsters are visible.
You are very weak. (Str -4)
Potions are less effective at restoring your health.
You are vulnerable to heat. (rF-)
Your spells are easier to cast, but less powerful.
You sometimes lose the ability to drink potions when taking damage.
You have hidden genetic defects.


Message History

You are no longer berserk.
You are exhausted.
You feel yourself slow down.
Your magical effects are unravelling.
You feel magically purged.
You feel yourself speed up.
Unknown command.
There is a stone staircase leading up here.
You climb upwards.
There is a stone staircase leading down here.
You see here a hobgoblin skeleton.
You recover from your berserk rage.
You yell at the shadow demon!
A shadow demon comes into view.
A hellion comes into view.
You reach to attack!
You impale the shadow demon!!
The shadow demon is heavily wounded.
You reach to attack!
You barely miss the shadow demon.
The shadow demon is heavily wounded.
You puncture the shadow demon! You headbutt the shadow demon.
The shadow demon is severely wounded.
You block the shadow demon's attack.
Space momentarily warps into an impossible shape!
You closely miss the shadow demon. You puncture the hellion!
You block the shadow demon's attack. x2
Unknown command.
Space momentarily warps into an impossible shape!
You impale the hellion!!
You kill the hellion!
Cheibriados appreciates the change of pace.
You closely miss the shadow demon. You block the shadow demon's attack.
Space momentarily warps into an impossible shape!
You impale the shadow demon!!
Lightning courses through the shadow demon!!
You kill the shadow demon!
Cheibriados appreciates the change of pace.
Unknown command.
There is an open door here.
There is a staircase leading out of the dungeon here.
You have escaped!

.......#..#..##.#.##..#....#.#.##
######.#.###.#ß.#.ß#.###...#.#..#
.......#.###.##.#.##.###...#.#♣.P
...#####..#..#ß.#.ß#..#....#.#P.♣
.......#.....##.#.##.......#.#♣..
..####.#######ß...ß######..#.#♣..
#.# #...#ß#ß#ß#...#ß#ß#ß#..#.#♣♣♣
#.# #...#...............#....#.##
≈[# #...'.###...I...###.'....#.##
#÷# #..##...............#..###.##
..# #..##ß#ß#ß#...#ß#ß#ß#......##
..###..#######ß...ß######..#####.
.......#.....##.#.##.......# #.
..####.#..#..#ß.#.ß#..#....#####.
.....#.#.###.##.#.##.###.........
.....#.#.###.#ß.#.ß#.###.#.....##
######.#..#..##.#.##..#..#.....'.


There were no monsters in sight!

Vanquished Creatures
  Cerebov (Pan)
  5 pandemonium lords (Pan)
  Antaeus (Coc:7)
  the Royal Jelly (Slime:5)
  Asmodeus (Geh:7)
  Ignacio (Pan)
  Mnoleg (Pan)
  Ereshkigal (Tar:7)
  Lom Lobon (Pan)
  Gloorx Vloq (Pan)
  Tiamat (Zot:2)
  9 dread liches
  the Serpent of Hell (Geh:7)
  Dispater (Dis:7)
  9 ancient liches
  2 orbs of fire (Zot:5)
  A juggernaut (Depths:4)
  Sojobo (Vaults:3)
  29 royal mummies
  Bai Suzhen (Spider:3)
  3 Killer Klowns
  27 shard shrikes
  6 curse toes
  Geryon (Hell)
  38 caustic shrikes
  14 golden dragons
  29 bone dragons
  Norris (Vaults:3)
  14 profane servitors
  4 iron giants
  4 electric golems
  22 Brimstone Fiends
  6 doom hounds
  2 shard shrike zombies
  39 Tzitzimimeh
  17 tentacled monstrosities
  2 spectral shard shrikes
  13 tainted leviathans
  10 hellephants
  Rupert (D:15)
  39 Hell Sentinels
  Asterion (Spider:1)
  Jorgrun (Swamp:2)
  39 Ice Fiends
  4 liches
  21 Orb Guardians
  5 deep elf blademasters
  7 quicksilver dragons
  12 sphinxes
  23 searing wretches
  4 deep elf master archers
  28 titans
  A walking crystal tome (Depths:3)
  A walking frostbound tome (Abyss:4)
  23 tentacled starspawn
  14 acid blobs
  Agnes (D:15)
  8 death cobs
  11 shadow dragons
  40 Executioners
  42 ancient champions
  An eldritch tentacle (WizLab)
  A thorn hunter (Swamp:4)
  3 revenants
  14 storm dragons
  3 fenstrider witches
  7 tengu reavers
  14 rockslimes
  7 azure jellies
  10 protean progenitors
  7 demonspawn warmongers (Pan)
  3 draconian knights
  A nagaraja (Pan)
  17 fire giants
  6 emperor scorpions
  4 draconian shifters
  13 vault wardens
  13 draconian monks
  14 frost giants
  16 narguns
  6 deep elf sorcerers
  6 draconian scorchers
  48 balrugs
  A spectral juggernaut (Tar:6)
  A caustic shrike zombie (Crypt:3)
  6 spectral caustic shrikes
  15 quicksilver elementals
  13 ghost moths
  10 ghouls
  6 iron dragons
  Louise (Swamp:2)
  5 deep elf elementalists
  4 curse skulls
  3 juggernaut zombies
  3 shard shrike simulacra
  9 draconian annihilators
  2 orc warlords (Vaults:1)
  52 reapers
  4 formless jellyfish
  5 spriggan defenders
  30 cacodemons
  19 ironbound preservers
  4 draconian stormcallers
  8 quicksilver oozes
  17 stone giants
  29 very ugly things
  8 ironbound thunderhulks
  13 demonspawn corrupters (Pan)
  6 broodmothers
  An ophan (Abyss:2)
  6 caustic shrike skeletons (Pan)
  13 demonspawn blood saints
  21 elemental wellsprings
  18 green draconians
  4 deep elf demonologists
  12 juggernaut skeletons
  9 demonspawn black suns (Pan)
  10 putrid mouths
  26 vampire knights
  27 lorocyprocas
  13 white draconians
  11 purple draconians
  5 eleionomae
  9 deep elf death magi
  5 bunyips
  6 deep elf annihilators
  10 bennus
  6 spark wasps
  8 black draconians
  12 red draconians
  33 war gargoyles
  11 wendigos
  19 dire elephants
  Azrael (Spider:1)
  6 yellow draconians
  6 eidola
  A minotaur (Gauntlet)
  Snorg (Lair:3)
  10 ettins
  25 blizzard demons
  2 spectral quicksilver dragons
  21 green deaths
  2 spriggan zombies
  10 shambling mangroves
  31 iron golems
  15 jiangshi
  20 mummy priests
  5 spectral spriggans
  9 fire dragons
  11 ice dragons
  17 yaktaur captains
  7 deep elf high priests
  7 entropy weavers
  Josephine (Lair:5)
  A spectral iron giant (Tar:3)
  A spectral fenstrider witch (Tar:1)
  4 rakshasas
  3 quicksilver dragon skeletons
  2 hell beasts (Pan)
  15 salamander tyrants
  6 great orbs of eyes
  34 vault guards
  13 hydras
  3 jorogumos (Pan)
  A catoblepas (Lair:2)
  3 spriggan skeletons
  14 alligators
  2 peacekeepers
  3 spriggan air magi
  6 stokers
  10 ironbound frosthearts
  16 caustic shrike simulacra
  A fenstrider witch skeleton (Crypt:1)
  4 juggernaut simulacra
  6 ogre magi
  2 death knights
  2 radroaches
  7 boulder beetles
  12 centaur warriors
  2 merfolk aquamancers (Pan)
  21 two-headed ogres
  35 death scarabs
  9 deep troll shamans
  A bennu skeleton (Crypt:2)
  37 dancing weapons
  7 deep troll earth magi
  41 demonic crawlers
  A quicksilver ooze zombie (Crypt:1)
  19 thrashing horrors
  Urug (Lair:2)
  5 spriggan berserkers
  2 orc high priests
  3 shock serpents (Pan)
  28 hell hogs
  15 vampire magi
  5 tengu warriors
  3 titan zombies
  6 holy swine (Pan)
  4 spectral dire elephants
  A storm dragon zombie (Crypt:1)
  3 occultists (Depths:1)
  6 deep elf knights
  14 hell knights
  59 soul eaters
  A fire crab (D:11)
  7 skysharks
  30 sixfirhies
  Sonja (Lair:5)
  125 sun demons
  7 iron trolls
  10 spriggans
  24 shadow wraiths
  8 hellephant skeletons (Pan)
  15 wretched stars
  6 crystal echidnas (Dis:7)
  20 skeletal warriors
  A golden dragon zombie (Crypt:3)
  2 spatial maelstroms
  69 deep trolls
  2 spark wasp zombies (Depths:2)
  5 quicksilver dragon simulacra
  2 bog bodies
  3 pharaoh ants
  4 death drakes
  2 spectral anacondas
  A mana viper (Abyss:4)
  2 sea snakes (Zot:1)
  A glowing orange brain (shapeshifter) (WizLab)
  13 orb spiders
  A cherub (Pan)
  2 iron giant skeletons (Tar:7)
  5 arcanists
  6 glowing orange brains
  15 shadow demons
  8 swamp dragons
  A fenstrider witch simulacrum (Coc:1)
  13 goliath frogs
  7 spriggan druids
  A spectral hydra (Swamp:4)
  2 obsidian statues (WizLab)
  A bunyip skeleton (Tomb:1)
  An anaconda zombie (Tomb:3)
  2 orange crystal statues (Depths:3)
  15 flayed ghosts
  4 spriggan simulacra
  19 sun moths
  6 deep elf archers
  15 ironbound convokers
  126 large abominations
  6 kraken simulacra (Coc:1)
  11 orc knights
  30 phantasmal warriors
  A shadow dragon zombie (Crypt:1)
  4 lindwurms
  8 steelbarb worms
  8 necromancers
  4 harpies
  A harpy (shapeshifter) (D:15)
  22 deep elf pyromancers
  2 anaconda skeletons
  4 orc sorcerers
  27 ugly things
  13 deep elf zephyrmancers
  14 wolf spiders
  A spectral ettin (Tar:6)
  2 meliai (shapeshifter)
  7 will-o-the-wisps
  A faun (shapeshifter) (Depths:2)
  4 shining eyes
  4 oklob plants
  2 cyclopes
  4 stone giant zombies
  8 worldbinders
  A frost giant skeleton (Crypt:3)
  11 manticores
  5 fauns (Zot:4)
  An ugly thing (shapeshifter) (Abyss:4)
  2 stone giant skeletons (Tomb:2)
  A kobold blastminer (Orc:1)
  A human zombie (Crypt:1)
  A guardian serpent (shapeshifter) (D:12)
  26 moths of wrath
  A toenail golem (D:11)
  3 meliai (D:14)
  27 elephants
  5 ice statues
  5 apocalypse crabs
  20 vault sentinels
  A fire giant skeleton (Vaults:4)
  14 molten gargoyles
  125 smoke demons
  A moth of wrath (shapeshifter) (WizLab)
  2 naga zombies
  5 rust devils
  4 black mambas
  3 gargoyles (D:12)
  A naga mage (Vaults:1)
  2 naga skeletons
  2 yaktaur zombies (Vaults:4)
  2 eyes of devastation
  An eye of devastation (shapeshifter) (WizLab)
  2 human skeletons (Vaults:5)
  An unseen horror (shapeshifter) (D:14)
  22 cane toads
  2 titan simulacra
  41 hellions
  23 orange demons
  A death yak zombie (Crypt:1)
  4 torpor snails
  10 ice devils
  Jeremiah (D:9)
  2 sea snake zombies (Hell)
  A dire elephant skeleton (Hell)
  6 komodo dragons
  21 yaktaurs
  A spectral harpy (Tar:6)
  2 iron giant simulacra
  A rime drake (Lair:3)
  27 tormentors
  30 efreet
  5 unseen horrors
  Psyche (D:9)
  2 kobold demonologists (D:11)
  4 bunyip simulacra
  4 tengu conjurers
  7 anaconda simulacra
  2 spectral nagas
  An iron troll zombie (Crypt:3)
  16 ancient zymes
  11 freezing wraiths
  45 guardian mummies
  A green draconian skeleton (Crypt:3)
  A golden dragon simulacrum (Coc:6)
  A queen bee (Lair:1)
  An iron troll skeleton (Crypt:2)
  2 sea snake skeletons (Hell)
  A silent spectre (Tar:6)
  A troll (shapeshifter) (Abyss:4)
  9 trolls
  5 hydra zombies
  4 bloated husks
  A tengu simulacrum (Depths:3)
  2 shadow dragon simulacra
  4 red devils
  5 harpy zombies
  3 polar bears
  48 hellwings
  17 tarantellas
  A hydra skeleton (Hell)
  An alligator simulacrum (Hell)
  23 hornets
  37 blink frogs
  15 tyrant leeches
  34 raiju
  A harpy skeleton (Tomb:2)
  9 dream sheep
  A stone giant simulacrum (Coc:1)
  3 glass eyes (Pan)
  An iron dragon simulacrum (Coc:6)
  A snapping turtle (shapeshifter) (Vaults:5)
  112 slime creatures
  6 air elementals
  19 jumping spiders
  An ettin skeleton (Vaults:5)
  9 dire elephant simulacra
  4 shadows (D:11)
  3 naga simulacra
  A centaur simulacrum (Tomb:2)
  19 culicivoras
  2 fire bats (Pan)
  58 yaks
  A wind drake zombie (Crypt:3)
  60 ynoxinuls
  9 water elementals
  5 wyverns
  26 vampires
  14 ushabtiu (Tomb:3)
  5 basilisks
  12 wraiths
  8 fire elementals
  3 alligator snapping turtle simulacra
  A hog (D:7)
  A black mamba skeleton (Crypt:1)
  6 golden eyes
  40 redbacks
  A steam dragon (shapeshifter) (Vaults:5)
  A golden eye (shapeshifter) (D:14)
  4 wargs
  20 vampire mosquitoes
  43 neqoxecs
  7 spatial vortices
  Menkaure (D:5)
  11 harpy simulacra
  15 swamp worms
  A swamp worm (shapeshifter) (Abyss:4)
  67 chaos spawn
  2 acid dragons (D:11)
  9 water moccasins
  10 hell hounds
  2 swamp dragon zombies (Swamp:4)
  9 hydra simulacra
  6 black bears (D:7)
  23 orc warriors
  6 swamp drakes
  7 ettin simulacra
  3 ice beasts
  55 laughing skulls
  25 ogres
  6 centaurs
  3 swamp dragon skeletons
  3 wolves
  A boggart (D:10)
  84 starcursed masses
  2 phantoms
  4 kobold brigands
  2 weeping skulls (Abyss:2)
  23 bullfrogs
  5 gnoll sergeants
  2 necrophages
  3 scorpions
  A two-headed ogre simulacrum (IceCv)
  A wyvern zombie (Crypt:2)
  A glowing shapeshifter simulacrum (Depths:3)
  A demonspawn simulacrum (Crypt:1)
  3 cane toad simulacra (Lair:1)
  33 small abominations
  A wyvern skeleton (Crypt:2)
  3 wights (D:9)
  A polar bear zombie (Crypt:1)
  33 killer bees
  An elephant simulacrum (Lair:1)
  A bombardier beetle (D:5)
  6 howler monkeys
  A shapeshifter skeleton (Crypt:3)
  3 electric eels
  A crimson imp (Abyss:2)
  A cerulean imp (Abyss:4)
  3 quasits
  11 orc priests
  8 hounds
  13 jellies
  A gnoll bouda (D:7)
  3 iron imps
  4 sleepcaps
  A basilisk skeleton (Crypt:2)
  4 iguanas
  12 hell rats
  32 orc wizards
  A polar bear simulacrum (IceCv)
  An acid dragon skeleton (Crypt:1)
  51 mummies
  23 gnolls
  A swamp drake zombie (Swamp:4)
  6 adders
  7 river rats (Lair:1)
  5 shadow imps
  4 swamp drake skeletons
  5 white imps
  6 ufetubi
  An adder zombie (Crypt:3)
  A jelly zombie (Crypt:1)
  A lava snake zombie (Crypt:2)
  A dart slug (D:4)
  60 orcs
  3 bats
  10 endoplasms
  5 giant cockroaches
  4 goblins
  7 hobgoblins
  4 jackals (D:7)
  18 kobolds
  3 quokkas
  5 ball pythons
  A bombardier beetle zombie (Crypt:3)
  10 frilled lizards
  3 gnoll zombies
  A goblin zombie (D:6)
  An orc skeleton (Crypt:1)
  10 rats
  7 aspiring fleshes
  11 butterflies (Elf:1)
  5 creeping infernos
  19 fire vortices
  2 lurking horrors
  A spectral weapon (Spider:1)
  16 starspawn tentacles
  3 tentacles (Coc:1)
5136 creatures vanquished.

Vanquished Creatures (collateral kills)
  A jelly (D:7)
1 creature vanquished.

Vanquished Creatures (others)
  An ancient lich (Abyss:2)
  3 eldritch tentacles
  A nargun (Coc:5)
  A fire giant (Geh:2)
  2 shard shrike simulacra (Coc:5)
  A lorocyproca (Pan)
  A wendigo (Coc:5)
  A blizzard demon (Hell)
  An ettin (Pan)
  An iron golem (Dis:7)
  A juggernaut simulacrum (Coc:5)
  A wretched star (Abyss:4)
  A soul eater (Pan)
  A quicksilver dragon simulacrum (Coc:5)
  A goliath frog (Swamp:3)
  A titan simulacrum (Coc:5)
  A smoke demon (Pan)
  An anaconda simulacrum (Coc:5)
  A yaktaur (Vaults:5)
  A golden dragon simulacrum (Coc:6)
  5 bloated husks
  A tarantella (Spider:3)
  2 dire elephant simulacra (Coc:5)
  2 fire bats (Pan)
  A harpy simulacrum (Coc:5)
  2 laughing skulls
  An orc wizard (D:6)
  A hell rat (Hell)
  An orc (Vaults:5)
  6 ball lightnings (Pan)
  A fire vortex (Pan)
  10 foxfires
  A lurking horror (Abyss:2)
  44 starspawn tentacles
  13 tentacles (Coc:1)
114 creatures vanquished.

Grand Total: 5251 creatures vanquished

Notes
Turn   | Place    | Note
-------+----------+-------------------------------------------
     0 | D:1      | NoMoreGames the Oni Warper began the quest for the Orb.
     0 | D:1      | Reached XP level 1. HP: 22/22 MP: 3/3
   313 | D:1      | Reached XP level 2. HP: 27/31 MP: 5/5
   316 | D:1      | Learned a level 2 spell: Blink
  1137 | D:2      | Reached XP level 3. HP: 28/39 MP: 6/6
  1766 | D:3      | Found an opulent altar of Gozag.
  2252 | D:3      | Reached XP level 4. HP: 45/49 MP: 7/7
  2427 | D:3      | Identified the +0 robe of the Last Loafs {rPois rF+ rC-
                  | Stlth+}
  2603 | D:3      | Found a faded altar of an unknown god.
  2843 | D:4      | Found a stormy altar of Qazlal.
  2909 | D:4      | Found an ancient bone altar of Kikubaaqudgha.
  3223 | D:4      | Found a glowing golden altar of the Shining One.
  3254 | D:4      | Noticed an ogre
  3348 | D:5      | Entered Level 5 of the Dungeon
  3369 | D:5      | Reached skill level 5 in Fighting
  3369 | D:5      | Reached XP level 5. HP: 49/57 MP: 8/8
  3444 | D:5      | Noticed an ogre
  3458 | D:5      | Killed an ogre
  3636 | D:5      | Reached XP level 6. HP: 66/67 MP: 9/9
  3955 | D:5      | Reached skill level 5 in Polearms
  4200 | D:5      | Reached XP level 7. HP: 66/78 MP: 10/10
  4756 | D:5      | Noticed Menkaure
  4766 | D:5      | Killed Menkaure
  5150 | D:6      | Found Lugom's Distillery.
  5245 | D:6      | Reached XP level 8. HP: 61/89 MP: 11/11
  5321 | D:6      | Learned a level 2 spell: Lesser Beckoning
  5326 | D:6      | Learned a level 4 spell: Manifold Assault
  5575 | D:6      | Bought a potion of ambrosia for 104 gold pieces
  5575 | D:6      | Bought a potion of might for 52 gold pieces
  6165 | D:6      | Reached skill level 10 in Fighting
  7316 | D:7      | Found Hyent's Assorted Antiques.
  7516 | D:7      | Reached XP level 9. HP: 100/102 MP: 14/14
  8018 | D:7      | Found Uwkakh's Distillery.
  8019 | D:7      | Found Kios's General Store.
  8098 | D:7      | Found Hatafiuts's Jewellery Shoppe.
  8798 | D:7      | Reached skill level 1 in Shields
  8942 | D:7      | You fall into a shaft and drop 3 floors!
  8942 | D:10     | Entered Level 10 of the Dungeon
  9008 | D:10     | Noticed a centaur warrior
  9219 | D:9      | Noticed Jeremiah
  9233 | D:9      | Killed Jeremiah
  9234 | D:9      | Reached skill level 5 in Spellcasting
  9242 | D:9      | Noticed Psyche
  9249 | D:9      | Killed Psyche
  9257 | D:9      | Reached XP level 10. HP: 74/114 MP: 17/17
  9328 | D:9      | Reached skill level 5 in Translocations
  9694 | D:7      | Found a staircase to the Ecumenical Temple.
  9745 | Temple   | Entered the Ecumenical Temple
  9880 | Temple   | Became a worshipper of Cheibriados the Contemplative
  9901 | D:7      | Found a runed translucent gate.
 10083 | D:7      | Noticed a manticore
 10084 | D:7      | Found a runed translucent gate.
 10084 | D:7      | Found a runed translucent gate.
 10084 | D:7      | Noticed a manticore
 10191 | D:7      | Killed a manticore
 10539 | D:7      | Reached skill level 5 in Shields
 10569 | D:7      | Reached * piety under Cheibriados
 10782 | D:7      | Identified the amulet of the Building Genius {Spirit rPois}
 10842 | D:7      | Killed a manticore
 11121 | D:8      | Reached skill level 1 in Invocations
 11127 | D:8      | Reached XP level 11. HP: 91/126 MP: 18/18
 11536 | D:8      | Noticed a two-headed ogre
 11544 | D:8      | Killed a two-headed ogre
 11664 | D:8      | Reached ** piety under Cheibriados
 12995 | D:9      | Reached *** piety under Cheibriados
 13086 | D:10     | Killed a centaur warrior
 13087 | D:10     | Reached skill level 10 in Polearms
 13528 | D:10     | Found a shimmering blue altar of Sif Muna.
 13590 | D:10     | Noticed a manticore
 13596 | D:10     | Killed a manticore
 13663 | D:10     | Noticed a deep elf pyromancer
 13669 | D:10     | Killed a deep elf pyromancer
 13670 | D:10     | Reached skill level 5 in Invocations
 14215 | D:10     | Noticed a two-headed ogre
 14224 | D:10     | Killed a two-headed ogre
 14285 | D:11     | Found a staircase to the Lair.
 14285 | D:11     | Noticed a fire crab
 14296 | D:11     | HP: 2/127 [fire crab] (11)]
 14955 | D:11     | Killed a fire crab
 14956 | D:11     | Reached XP level 12. HP: 98/136 MP: 19/19
 15124 | D:11     | Noticed a boulder beetle
 15132 | D:11     | Noticed a sun demon
 15161 | D:11     | Noticed a boulder beetle
 15216 | D:11     | Found a staircase to the Orcish Mines.
 15471 | D:11     | Found the +7 staff of the Meek {protect, meekguard}
 15527 | D:11     | Killed a boulder beetle
 15591 | D:11     | Reached skill level 10 in Shields
 15606 | D:11     | Reached **** piety under Cheibriados
 15615 | D:11     | Noticed a two-headed ogre
 15624 | D:11     | Killed a two-headed ogre
 16138 | D:11     | Found a broken altar of Ashenzari.
 16139 | D:11     | Found a sacrificial altar of Ru.
 16298 | D:11     | Identified the ring of the Thirsty Gods {rElec rF+ rN+
                  | Int+3 Dex+6}
 16298 | D:11     | Noticed a centaur warrior
 16301 | D:11     | Killed a centaur warrior
 16302 | D:11     | Reached skill level 10 in Invocations
 16312 | D:11     | Identified the +3 leather armour of Inviolability {rElec
                  | rF++ rC- SInv}
 16312 | D:11     | Noticed a seven-headed hydra
 16314 | D:11     | Noticed a centaur warrior
 16342 | D:11     | Noticed a boulder beetle
 16360 | D:11     | HP: 5/136 [boulder beetle (5)]
 16362 | D:11     | Killed a boulder beetle
 16729 | D:11     | Found Suet's Antique Weapon Shop.
 16776 | D:11     | Noticed a two-headed ogre
 16790 | D:11     | Killed a centaur warrior
 16794 | D:11     | Killed a two-headed ogre
 17111 | D:11     | Identified the +6 mace "Maatyf" {protect, Fly rElec Int+2}
 17111 | D:11     | Noticed a centaur warrior
 17126 | D:11     | Killed a centaur warrior
 17535 | D:11     | Killed a boulder beetle
 17759 | D:11     | Found a glowing golden altar of the Shining One.
 17760 | D:11     | Found a glowing silver altar of Zin.
 17796 | D:11     | Identified the amulet of the Piercing Bounties {Faith
                  | Rampage Fly Str-2 SInv}
 17850 | D:11     | Killed a seven-headed hydra
 17899 | D:11     | Reached XP level 13. HP: 145/145 MP: 22/22
 18114 | D:7      | Bought a potion of might for 48 gold pieces
 18114 | D:7      | Bought a potion of heal wounds for 60 gold pieces
 18114 | D:7      | Bought a potion of brilliance for 48 gold pieces
 18114 | D:7      | Bought a potion of brilliance for 48 gold pieces
 18184 | D:7      | Bought a potion of curing for 36 gold pieces
 18184 | D:7      | Bought a scroll of identify for 24 gold pieces
 18184 | D:7      | Bought a scroll of poison for 48 gold pieces
 18184 | D:7      | Bought a scroll of fog for 48 gold pieces
 18303 | Lair:1   | Entered Level 1 of the Lair of Beasts
 18388 | Lair:1   | Found a frozen archway.
 18422 | IceCv    | Entered an ice cave
 19611 | IceCv    | Noticed a reaper
 19737 | IceCv    | Killed a reaper
 19843 | Lair:1   | Reached ***** piety under Cheibriados
 21402 | Lair:2   | Reached skill level 15 in Fighting
 21526 | Lair:2   | Noticed Urug
 21537 | Lair:2   | Killed Urug
 21976 | Lair:2   | Reached XP level 14. HP: 106/159 MP: 6/26
 21981 | Lair:2   | Reached skill level 1 in Armour
 22438 | Lair:2   | Identified a scroll of acquirement
 22439 | Lair:2   | Acquired a +1 demon trident of electrocution
 22697 | Lair:3   | Noticed Snorg
 22708 | Lair:3   | Killed Snorg
 23073 | Lair:3   | Identified the +5 quarterstaff of Dried Tears {holy, Will++
                  | Dex+2}
 23078 | Lair:3   | Found a hole to the Spider Nest.
 23900 | Lair:3   | Found a staircase to the Swamp.
 25585 | Lair:4   | Noticed an azure jelly
 25603 | Lair:4   | Killed an azure jelly
 25603 | Lair:4   | Reached ****** piety under Cheibriados
 25763 | Lair:4   | Acquired the +2 kite shield "Hoaxigh" {Fly rF+}
 25846 | Lair:5   | Entered Level 5 of the Lair of Beasts
 26033 | Lair:5   | Reached skill level 5 in Dodging
 26138 | Lair:5   | Reached XP level 15. HP: 152/171 MP: 7/27
 26180 | Lair:5   | Noticed Sonja
 26188 | Lair:5   | Killed Sonja
 26325 | Lair:5   | Reached skill level 5 in Armour
 26903 | Lair:5   | Noticed Josephine
 26910 | Lair:5   | Killed Josephine
 27272 | Lair:5   | Found a staircase to the Slime Pits.
 27273 | Lair:5   | Found a viscous altar of Jiyva.
 28269 | Orc:1    | Entered Level 1 of the Orcish Mines
 28269 | Orc:1    | Found Qohutoc's Magic Scroll Boutique.
 28444 | Orc:1    | Bought a scroll of enchant weapon for 75 gold pieces
 28666 | Orc:1    | You are sucked into a shaft and drop 1 floor!
 28666 | Orc:2    | Entered Level 2 of the Orcish Mines
 28986 | Orc:2    | Found a staircase to the Elven Halls.
 29246 | Orc:2    | Reached XP level 16. HP: 171/185 MP: 24/28
 29533 | Orc:2    | Found Ajuawiol's Magic Scroll Emporium.
 29600 | Orc:2    | Found Zarghoh's General Store.
 29600 | Orc:2    | Found Dino's Magic Scroll Shoppe.
 29600 | Orc:2    | Found Enkinn's Weapon Shoppe.
 29600 | Orc:2    | Found Ivocos's Jewellery Shop.
 29608 | Orc:2    | Bought a ring of see invisible for 195 gold pieces
 29609 | Orc:2    | Bought a scroll of poison for 52 gold pieces
 29609 | Orc:2    | Bought a scroll of teleportation for 39 gold pieces
 29609 | Orc:2    | Bought a scroll of blinking for 97 gold pieces
 29875 | Orc:1    | Bought a scroll of blinking for 75 gold pieces
 29908 | Orc:2    | Bought a scroll of blinking for 105 gold pieces
 29942 | Orc:2    | Bought a scroll of enchant armour for 112 gold pieces
 30343 | D:7      | Bought the ring of the Sybil {+Blink rF+ rC+ Str-5 Dex+4
                  | Stlth+} for 607 gold pieces
 30890 | D:13     | Found a gate leading to a gauntlet.
 30906 | Gauntlet | Entered a Gauntlet
 30906 | Gauntlet | Found a transporter.
 30906 | Gauntlet | Found a transporter.
 31039 | Gauntlet | Found a transporter.
 31056 | Gauntlet | Found a transporter.
 31070 | Gauntlet | Found a transporter.
 31070 | Gauntlet | Found a transporter.
 31073 | Gauntlet | Found a transporter.
 31073 | Gauntlet | Found a transporter.
 31073 | Gauntlet | Found a transporter.
 31087 | Gauntlet | Found a transporter.
 31108 | Gauntlet | Found a transporter.
 31113 | Gauntlet | Found a runed translucent door.
 31115 | Gauntlet | Found a transporter.
 31117 | Gauntlet | Found a runed translucent door.
 31130 | Gauntlet | Found a transporter.
 31150 | Gauntlet | Found a transporter.
 31375 | Gauntlet | Identified the +2 pair of boots of the Planets {Str+3 Int+3
                  | SInv}
 31574 | Gauntlet | Identified the +6 long sword of the Valley {venom, ^Drain
                  | rF+ Stlth+}
 31643 | Gauntlet | Got the Opusculum on Twinkling Ozone
 31645 | Gauntlet | Identified the +0 robe "Usuyfu" {*Corrode rC+ Will+ Int+3}
 31661 | Gauntlet | Identified the maw talisman of the Poles {rElec Str+3 Dex+3
                  | Stlth-}
 31848 | D:13     | Found a gate to the Vaults.
 32182 | D:13     | Identified the ring "Ateqej" {rC+ Str+2}
 32960 | D:14     | Found an ornate altar of the Wu Jian Council.
 33346 | D:15     | Entered Level 15 of the Dungeon
 33547 | D:15     | Noticed Rupert
 33564 | D:15     | Killed Rupert
 33904 | D:15     | Found a staircase to the Depths.
 33935 | D:15     | Noticed Agnes
 33939 | D:15     | Killed Agnes
 34198 | D:15     | Found Cohetic's Tiny Tomes.
 34285 | D:15     | Found a sacrificial altar of Ru.
 34564 | Spider:1 | Entered Level 1 of the Spider Nest
 34870 | Spider:1 | Noticed Asterion
 34887 | Spider:1 | Killed Asterion
 35007 | Spider:1 | Reached XP level 17. HP: 182/193 MP: 9/30
 35622 | Spider:1 | Noticed Azrael
 35634 | Spider:1 | Killed Azrael
 36503 | Spider:2 | Identified the +11 whip of Safewal {heavy, Str+5 Int-4}
 36510 | Spider:2 | Learned a level 4 spell: Vhi's Electric Charge
 36538 | Spider:2 | Reached skill level 10 in Spellcasting
 37245 | Spider:2 | Identified the +0 buckler "Meuthrun" {rC+}
 37605 | Spider:3 | Reached skill level 10 in Dodging
 37803 | Spider:3 | Reached skill level 10 in Translocations
 38146 | Spider:3 | Reached skill level 1 in Air Magic
 38664 | Spider:3 | Noticed Bai Suzhen
 38690 | Spider:3 | Killed Bai Suzhen
 38691 | Spider:3 | Reached skill level 10 in Armour
 38963 | Spider:4 | Entered Level 4 of the Spider Nest
 39939 | Spider:4 | Reached XP level 18. HP: 204/204 MP: 19/32
 40513 | Spider:4 | Got a gossamer rune of Zot
 41245 | Swamp:1  | Entered Level 1 of the Swamp
 41435 | Swamp:1  | Reached skill level 5 in Air Magic
 42242 | Swamp:2  | Noticed Louise
 42255 | Swamp:2  | Killed Louise
 42419 | Swamp:2  | Noticed Jorgrun
 42432 | Swamp:2  | Killed Jorgrun
 43255 | Swamp:3  | Noticed a tentacled monstrosity
 43264 | Swamp:3  | Killed a tentacled monstrosity
 43577 | Swamp:3  | Identified the +9 orcbow "Gores" {drain, Str+2}
 43598 | Swamp:3  | Reached skill level 15 in Shields
 43605 | Swamp:3  | Reached skill level 1 in Shapeshifting
 43605 | Swamp:3  | Reached XP level 19. HP: 211/211 MP: 33/33
 44193 | Swamp:4  | Entered Level 4 of the Swamp
 44567 | Swamp:4  | Reached skill level 5 in Shapeshifting
 45048 | Swamp:4  | Identified the +11 dire flail of Fiuviti {drain, rElec
                  | Dex+6}
 45728 | Swamp:4  | Found a blossoming altar of Fedhas.
 46045 | Swamp:4  | Found a basalt altar of Yredelemnul.
 46063 | Swamp:4  | Got a decaying rune of Zot
 46320 | Depths:1 | Entered Level 1 of the Depths
 46499 | Depths:1 | Found a gateway to Hell.
 46800 | Depths:1 | Found a corrupted altar of Lugonu.
 46818 | Depths:1 | Noticed a caustic shrike
 46820 | Depths:1 | Noticed a juggernaut
 46944 | Depths:1 | Found a runed translucent door.
 46958 | Depths:1 | Found a one-way gate to the infinite horrors of the Abyss.
 47248 | Depths:1 | Found a hide-covered altar of Uskayaw.
 47897 | Depths:2 | Reached skill level 10 in Shapeshifting
 48221 | Depths:2 | Noticed an ancient lich
 48239 | Depths:2 | Killed an ancient lich
 48240 | Depths:2 | Reached XP level 20. HP: 172/221 MP: 2/34
 48423 | Depths:2 | Identified the +6 spear "Ilayralo" {drain, Will+ MP+9
                  | Str+2}
 49483 | Depths:2 | Found a one-way gate leading to the halls of Pandemonium.
 50925 | Depths:3 | Reached skill level 15 in Shapeshifting
 51333 | Depths:3 | Reached XP level 21. HP: 230/230 MP: 9/35
 51440 | Depths:3 | You fall into a shaft and drop 1 floor!
 51440 | Depths:4 | Entered Level 4 of the Depths
 51851 | Depths:3 | Found a hazy altar of Hepliaklqana.
 52570 | Depths:4 | Found a one-way gateway to a ziggurat.
 52596 | Depths:4 | Noticed a juggernaut
 53017 | Depths:4 | Killed a juggernaut
 53308 | Depths:4 | Noticed a golden dragon
 53318 | Depths:4 | Killed a golden dragon
 53409 | Depths:4 | Noticed a golden dragon
 53415 | Depths:4 | Killed a golden dragon
 53489 | Depths:4 | Noticed a golden dragon
 53889 | Depths:4 | Killed a golden dragon
 53892 | Depths:4 | Identified the +5 dagger of Fuacebusey {elec, rN+ Str+2}
 53980 | Depths:4 | Noticed a golden dragon
 54190 | Depths:4 | Killed a golden dragon
 54360 | Depths:4 | Reached XP level 22. HP: 247/247 MP: 27/36
 54518 | Depths:4 | Found a gate to the Realm of Zot.
 54645 | Depths:4 | Found a white marble altar of Elyvilon.
 55412 | Elf:1    | Entered Level 1 of the Elven Halls
 55499 | Elf:1    | Found a huge runed translucent gate.
 55499 | Elf:1    | Found a huge runed translucent gate.
 55499 | Elf:1    | Found a huge runed translucent gate.
 55499 | Elf:1    | Found a huge runed translucent gate.
 55499 | Elf:1    | Found a huge runed translucent gate.
 55499 | Elf:1    | Found a huge runed translucent gate.
 55499 | Elf:1    | Found a huge runed translucent gate.
 55526 | Elf:1    | Found a magical portal.
 55535 | WizLab   | Entered The Roulette of Golubria
 55535 | WizLab   | Found a transporter.
 55538 | WizLab   | Noticed a profane servitor
 55538 | WizLab   | Found a corrupted altar of Lugonu.
 55612 | WizLab   | Found a corrupted altar of Lugonu.
 55629 | WizLab   | Found a transporter.
 55659 | WizLab   | Found a transporter.
 55701 | WizLab   | Found a transporter.
 55770 | WizLab   | Found a transporter.
 55770 | WizLab   | Found a transporter.
 55800 | WizLab   | Found a transporter.
 55933 | WizLab   | Found a transporter.
 55933 | WizLab   | Found a transporter.
 55953 | WizLab   | Found a transporter.
 56078 | WizLab   | Found a transporter.
 56078 | WizLab   | Found a transporter.
 56078 | WizLab   | Found a corrupted altar of Lugonu.
 56078 | WizLab   | Found a corrupted altar of Lugonu.
 56163 | WizLab   | Got the Reference Book on Distance
 56167 | WizLab   | Found a corrupted altar of Lugonu.
 56169 | WizLab   | Found a transporter.
 56169 | WizLab   | Found a transporter.
 56255 | WizLab   | Gained mutation: You are frail. (-10% HP) [a neqoxec]
 56297 | WizLab   | Killed a profane servitor
 56320 | WizLab   | Identified the +0 cloak of the Screaming Gods {Str+3}
 56326 | WizLab   | Identified the +1 cloak of Faafal {rPois rCorr Str+5 Dex+3}
 56328 | WizLab   | Identified the +0 cloak of the Hanged Man {rCorr}
 56390 | Elf:1    | Lost mutation: You are frail. (-10% HP) [potion of
                  | mutation]
 56390 | Elf:1    | Gained mutation: Your body sometimes deteriorates upon
                  | taking damage. [potion of mutation]
 56390 | Elf:1    | Gained mutation: You are partially covered in iridescent
                  | scales. (AC +2) [potion of mutation]
 56390 | Elf:1    | Gained mutation: Your spells are a little harder to cast,
                  | but a little more powerful. [potion of mutation]
 56602 | Elf:1    | Found a huge runed translucent gate.
 56603 | Elf:1    | Found a huge runed translucent gate.
 56604 | Elf:1    | Found a huge runed translucent gate.
 56605 | Elf:1    | Found a huge runed translucent gate.
 56605 | Elf:1    | Found a huge runed translucent gate.
 56605 | Elf:1    | Found a huge runed translucent gate.
 56606 | Elf:1    | Found a huge runed translucent gate.
 56607 | Elf:1    | Found a huge runed translucent gate.
 56607 | Elf:1    | Found a huge runed translucent gate.
 56607 | Elf:1    | Found a huge runed translucent gate.
 56613 | Elf:1    | Reached skill level 15 in Dodging
 56622 | Elf:1    | Learned a level 8 spell: Ignition
 56622 | Elf:1    | Found a huge runed translucent gate.
 56631 | Elf:1    | Found a huge runed translucent gate.
 56632 | Elf:1    | Found a huge runed translucent gate.
 56632 | Elf:1    | Found a huge runed translucent gate.
 56632 | Elf:1    | Found a huge runed translucent gate.
 56632 | Elf:1    | Found a huge runed translucent gate.
 56634 | Elf:1    | Found a huge runed translucent gate.
 56635 | Elf:1    | Found a huge runed translucent gate.
 56636 | Elf:1    | Found a huge runed translucent gate.
 56636 | Elf:1    | Found a huge runed translucent gate.
 56640 | Elf:1    | Found a huge runed translucent gate.
 56642 | Elf:1    | Found a huge runed translucent gate.
 56642 | Elf:1    | Found a huge runed translucent gate.
 56651 | Elf:1    | Found a huge runed translucent gate.
 56652 | Elf:1    | Found a huge runed translucent gate.
 56653 | Elf:1    | Found a huge runed translucent gate.
 56654 | Elf:1    | Found a huge runed translucent gate.
 56655 | Elf:1    | Found a huge runed translucent gate.
 56655 | Elf:1    | Found a huge runed translucent gate.
 56716 | Elf:1    | Reached skill level 1 in Fire Magic
 56837 | Elf:1    | Found an ancient bone altar of Kikubaaqudgha.
 56837 | Elf:1    | Found a huge runed translucent gate.
 56837 | Elf:1    | Found a huge runed translucent gate.
 56851 | Elf:1    | Found a huge runed translucent gate.
 56851 | Elf:1    | Found a huge runed translucent gate.
 56851 | Elf:1    | Found a huge runed translucent gate.
 56852 | Elf:1    | Found a huge runed translucent gate.
 56853 | Elf:1    | Found a huge runed translucent gate.
 56854 | Elf:1    | Found a huge runed translucent gate.
 56854 | Elf:1    | Found a huge runed translucent gate.
 56854 | Elf:1    | Found a huge runed translucent gate.
 56854 | Elf:1    | Found a huge runed translucent gate.
 56854 | Elf:1    | Found a huge runed translucent gate.
 56855 | Elf:1    | Found a huge runed translucent gate.
 56855 | Elf:1    | Found a huge runed translucent gate.
 56855 | Elf:1    | Found a huge runed translucent gate.
 56855 | Elf:1    | Found a huge runed translucent gate.
 56855 | Elf:1    | Found a huge runed translucent gate.
 56855 | Elf:1    | Found a huge runed translucent gate.
 56855 | Elf:1    | Found a huge runed translucent gate.
 56856 | Elf:1    | Found a huge runed translucent gate.
 57438 | Elf:2    | Found Feguosas's Jewellery Boutique.
 57487 | Elf:2    | Paralysed by an air elemental for 1 turns
 57573 | Elf:2    | Found Xisa's Jewellery Emporium.
 57780 | Elf:2    | Found a huge runed translucent gate.
 57780 | Elf:2    | Found a huge runed translucent gate.
 57780 | Elf:2    | Found a huge runed translucent gate.
 57780 | Elf:2    | Found a huge runed translucent gate.
 57780 | Elf:2    | Found a huge runed translucent gate.
 58021 | Elf:2    | Identified the blade talisman of a ziggurat {Will+}
 58259 | Elf:3    | Entered Level 3 of the Elven Halls
 58518 | Elf:3    | Reached skill level 5 in Fire Magic
 58625 | Elf:3    | Reached XP level 23. HP: 262/262 MP: 4/37
 58636 | Elf:3    | Identified the +9 hand axe of the Howling Asp {antimagic,
                  | Dex+7}
 58636 | Elf:3    | Identified the ring of Ogysediu {rF++ Slay+4}
 58684 | Elf:3    | Identified the ring "Nadub" {rC+ Int+6}
 58769 | Elf:3    | Identified the ring of Vohaerphi {rElec rF+ Slay+3}
 58875 | Elf:3    | Identified the ring "Heireo" {Fly rF- rCorr Dex+7}
 58891 | Elf:3    | Identified the ring "Uddeophu" {Str+2 SInv}
 58898 | Elf:3    | Identified the staff of Ixtenk {*Slow +Blink rCorr Dex+2
                  | Earth}
 58905 | Elf:3    | Identified the +4 falchion of Fortitude {holy, rN+ MP+9
                  | Str-2 Dex+5}
 59184 | Elf:3    | Found a shimmering blue altar of Sif Muna.
 59438 | Vaults:1 | Entered Level 1 of the Vaults
 59792 | Vaults:1 | Found Ciqygab's Weapon Shop.
 60820 | Vaults:1 | Found Zovaoca's Armour Boutique.
 61120 | Vaults:1 | Identified the +3 robe "Poyma" {rC+ SInv Archmagi}
 61126 | Vaults:1 | Found a radiant altar of Vehumet.
 61135 | Vaults:1 | Identified the +2 hat of the Evil One {Will++}
 61159 | Vaults:1 | Identified the +1 robe of Altruism {Dex+2}
 61534 | Vaults:2 | Reached skill level 10 in Fire Magic
 62195 | Vaults:2 | Found Lunoy's Book Emporium.
 63557 | Vaults:3 | Found a staircase to the Crypt.
 63713 | Vaults:3 | Noticed Norris
 63722 | Vaults:3 | Killed Norris
 63734 | Vaults:3 | Reached XP level 24. HP: 274/274 MP: 27/37
 64034 | Vaults:3 | Noticed Sojobo
 64048 | Vaults:3 | Paralysed by an air elemental for 1 turns
 64060 | Vaults:3 | Paralysed by an air elemental for 1 turns
 64061 | Vaults:3 | Killed Sojobo
 64759 | Vaults:4 | Found a portal to a secret trove of treasure.
 64908 | Vaults:4 | Reached skill level 15 in Fire Magic
 65427 | Vaults:5 | Entered Level 5 of the Vaults
 65761 | Vaults:5 | Identified the +5 great mace of Maroruog {heavy, Dex+4}
 65800 | Vaults:5 | Noticed an ancient lich
 65803 | Vaults:5 | Identified the ring of Relativism {rPois rC+ Int+6 Dex+3}
 65885 | Vaults:5 | Reached XP level 25. HP: 282/282 MP: 20/39
 65900 | Vaults:5 | Noticed a dread lich
 65907 | Vaults:5 | Killed a dread lich
 66015 | Vaults:5 | Identified the +7 trident of Cocytus {freeze, rPois Int+2}
 66039 | Vaults:5 | HP: 12/366 [vault warden/+3 great sword (7)]
 66039 | Vaults:5 | HP: 4/366 [frost giant/+0 battleaxe of freezing (8)]
 66262 | Vaults:5 | Identified the +8 lajatang "Narial" {freeze, *Slow rCorr
                  | Str+6 Dex-4}
 66365 | Vaults:4 | Killed an ancient lich
 66437 | Vaults:5 | Identified the +8 sling of Intuition {elec, *Slow rF+++
                  | Str-5 Dex+3}
 66514 | Vaults:5 | Identified the +1 robe "Sid Fitu" {Str+5 SInv}
 67140 | Vaults:5 | Got a silver rune of Zot
 67181 | Vaults:5 | Got the Secrets of Striking
 67186 | Vaults:5 | Identified the +1 rapier of Uwei {flame, rC+ MP+9 Str+5}
 67681 | Slime:1  | Entered Level 1 of the Pits of Slime
 67801 | Lair:5   | Reached skill level 15 in Spellcasting
 68639 | Slime:5  | Entered Level 5 of the Pits of Slime
 68825 | Slime:5  | Noticed the Royal Jelly
 68870 | Slime:5  | Killed the Royal Jelly
 68871 | Slime:5  | Reached XP level 26. HP: 292/292 MP: 31/42
 69155 | Slime:5  | Got the Volume of Sidekicks and Cryomancy
 69163 | Slime:5  | Identified the +5 fire dragon scales of the Moon {rF++ rC-
                  | Str-4 Int+4 Slay+3}
 69200 | Slime:5  | Got a slimy rune of Zot
 69210 | Slime:5  | Identified the +3 chain mail of the Bouncing Prophets
                  | {Str+5 Int-2 SInv}
 69293 | Lair:5   | Acquired a +3 demon trident of electrocution
 69772 | Vaults:4 | You paid a toll of a +4 demon trident to enter a treasure
                  | trove
 69773 | Trove    | Entered a treasure trove
 69787 | Trove    | Identified the +6 trident of Conscience {freeze, +Blink
                  | Str+2 Dex+6}
 69788 | Trove    | Identified the +5 rapier of Sixtevot {drain, rN+ Stlth+}
 69791 | Trove    | Identified the +11 lajatang of Tekur {flame, Dex+3}
 70112 | Depths:1 | Voluntarily entered the Abyss.
 70263 | Abyss:2  | Paralysed by accursed screaming for 1 turns
 70496 | Abyss:2  | Paralysed by accursed screaming for 1 turns
 70780 | Abyss:2  | Paralysed by accursed screaming for 1 turns
 70948 | Abyss:2  | Gained mutation: Your body often deteriorates upon taking
                  | damage. [a cacodemon]
 71438 | Abyss:2  | Noticed an ancient lich
 71456 | Abyss:2  | Killed an ancient lich
 71457 | Abyss:2  | Killed an ancient lich
 71509 | Abyss:3  | Found a corrupted altar of Lugonu.
 71684 | Abyss:4  | Found a corrupted altar of Lugonu.
 71692 | Abyss:4  | Got an abyssal rune of Zot
 71698 | Depths:1 | Escaped the Abyss
 71984 | Zot:1    | Entered Level 1 of the Realm of Zot
 72812 | Zot:2    | Reached XP level 27. HP: 317/317 MP: 19/42
 73455 | Zot:2    | Reached skill level 27 in Fighting
 73705 | Zot:3    | Found the +4 dragonskin cloak
 73705 | Zot:3    | Noticed Tiamat
 73844 | Zot:2    | Killed Tiamat
 74099 | Zot:3    | Found a sparkling altar of Nemelex Xobeh.
 74604 | Zot:3    | Identified the orb of Inviolability {mayhem, rC- Dex+7 Conj
                  | Fire}
 74634 | Zot:3    | Identified the +6 chain mail "Moanoizuts" {rPois Int+2}
 75427 | Zot:4    | Identified the +2 great sword "Yfoastriu" {heavy, *Corrode
                  | rC+ rN+ Int+3}
 75909 | Zot:5    | Entered Level 5 of the Realm of Zot
 76407 | Crypt:1  | Entered Level 1 of the Crypt
 77530 | Crypt:2  | Found a burning altar of Makhleb.
 77758 | Crypt:2  | Identified the +5 orcbow of the Festooned God {antimagic,
                  | rElec}
 78372 | Crypt:3  | Entered Level 3 of the Crypt
 78767 | Crypt:3  | Identified the staff of the Tiger {rPois rN+ Str+9 Dex-3
                  | Necro}
 79200 | Crypt:3  | Found a staircase to the Tomb.
 80222 | Depths:1 | Voluntarily entered the Abyss.
 80222 | Abyss:4  | Found a corrupted altar of Lugonu.
 80937 | Abyss:4  | Found a corrupted altar of Lugonu.
 80940 | Abyss:4  | Paralysed by an air elemental for 1 turns
 81194 | Depths:1 | Escaped the Abyss
 81291 | Depths:1 | Upgraded the game from 0.32-a0-171-g4625e66871 to
                  | 0.32-a0-290-g598725c5f2
 81443 | Pan      | Entered Pandemonium
 81491 | Pan      | Gained mutation: You are vulnerable to heat. (rF-) [a
                  | cacodemon]
 81497 | Pan      | Lost mutation: Your body often deteriorates upon taking
                  | damage. [potion of mutation]
 81497 | Pan      | Lost mutation: You are partially covered in iridescent
                  | scales. (AC +2) [potion of mutation]
 81497 | Pan      | Lost mutation: Your spells are a little harder to cast, but
                  | a little more powerful. [potion of mutation]
 81497 | Pan      | Lost mutation: You are vulnerable to heat. (rF-) [potion of
                  | mutation]
 81497 | Pan      | Gained mutation: You have a pair of horns on your head.
                  | [potion of mutation]
 81497 | Pan      | Gained mutation: You are robust. (+10% HP) [potion of
                  | mutation]
 82296 | Pan      | Noticed Cuah Paing the pandemonium lord
 82336 | Pan      | Killed Cuah Paing the pandemonium lord
 84121 | Pan      | Got a demonic rune of Zot
 84124 | Pan      | Identified the +3 spear of the Inquisitive Ghosts {flame,
                  | rPois rN+ Str-2 Dex+4}
 84127 | Pan      | Identified the +3 longbow of Annihilation {flame, Dex+5}
 84606 | Pan      | Noticed Zoumih the pandemonium lord
 85372 | Pan      | Killed Zoumih the pandemonium lord
 85746 | Pan      | Found an exit through the horrors of the Abyss.
 86891 | Pan      | Entered the realm of Cerebov.
 87089 | Pan      | Identified the ring "Nurgh" {EV+5 Str+3 Dex+2 Slay+2}
 87368 | Pan      | Identified the +3 scimitar "Kumuakk" {flame, Str+3}
 87368 | Pan      | Identified the ring "Eleschusk" {^Drain Will+ MP+9 Str+3}
 87596 | Pan      | Found an exit through the horrors of the Abyss.
 88025 | Pan      | Identified the +5 kite shield "Ifauh" {rCorr Str-4 Int+4}
 88073 | Pan      | Found the +6 sword of Cerebov {flame}
 88073 | Pan      | Noticed Cerebov
 88093 | Pan      | HP: 21/461 [Brimstone Fiend/damnation[Cerebov] (10)]
 88096 | Pan      | Killed Cerebov
 88340 | Pan      | Identified the +0 leather armour of the Lute {Will- Int+4
                  | Dex+3}
 88341 | Pan      | Identified the +6 sling of Jediweti {freeze, MP+9 Dex+3
                  | SInv}
 88423 | Pan      | Got a fiery rune of Zot
 89520 | Pan      | Found an exit through the horrors of the Abyss.
 90112 | Pan      | Noticed Bahad the pandemonium lord
 90124 | Pan      | Killed Bahad the pandemonium lord
 90297 | Pan      | Entered the realm of Lom Lobon.
 90358 | Pan      | Noticed Lom Lobon
 90521 | Pan      | Found an exit through the horrors of the Abyss.
 91195 | Pan      | Noticed Ignacio
 91204 | Pan      | Killed Ignacio
 91512 | Pan      | Killed Lom Lobon
 91634 | Pan      | Got a magical rune of Zot
 92372 | Pan      | Found a transporter.
 92377 | Pan      | Identified the amulet of Brilliance {Faith rF- rC+ Will+}
 92406 | Pan      | Found a transporter.
 92755 | Pan      | Gained mutation: You have a pair of large horns on your
                  | head. [a cacodemon]
 92756 | Pan      | Upgraded the game from 0.32-a0-290-g598725c5f2 to
                  | 0.32-a0-314-g526f7d4993
 92820 | Pan      | Lost mutation: You are robust. (+10% HP) [potion of
                  | mutation]
 92820 | Pan      | Lost mutation: Your body sometimes deteriorates upon taking
                  | damage. [potion of mutation]
 92820 | Pan      | Lost mutation: You have a pair of large horns on your head.
                  | [potion of mutation]
 92820 | Pan      | Gained mutation: Your spells are a little harder to cast,
                  | but a little more powerful. [potion of mutation]
 92820 | Pan      | Gained mutation: You are covered in fur. (AC +1) [potion of
                  | mutation]
 93574 | Pan      | Gained mutation: You sometimes lose your temper in combat.
                  | [a cacodemon]
 93575 | Pan      | Gained mutation: You are vulnerable to heat. (rF-) [a
                  | cacodemon]
 93676 | Pan      | Lost mutation: You have a pair of horns on your head.
                  | [potion of mutation]
 93676 | Pan      | Lost mutation: Your spells are a little harder to cast, but
                  | a little more powerful. [potion of mutation]
 93676 | Pan      | Lost mutation: You are vulnerable to heat. (rF-) [potion of
                  | mutation]
 93676 | Pan      | Gained mutation: You expend magic power (3 MP) to
                  | strengthen your wands. [potion of mutation]
 93676 | Pan      | Gained mutation: Your movements are slightly less
                  | encumbered by armour. (ER -2) [potion of mutation]
 93700 | Pan      | Gained mutation: You are clumsy. (Dex -2) [a cacodemon]
 93758 | Pan      | Lost mutation: Your movements are slightly less encumbered
                  | by armour. (ER -2) [potion of mutation]
 93758 | Pan      | Lost mutation: You are clumsy. (Dex -2) [potion of
                  | mutation]
 93758 | Pan      | Lost mutation: You expend magic power (3 MP) to strengthen
                  | your wands. [potion of mutation]
 93758 | Pan      | Gained mutation: You occasionally lose the ability to read
                  | scrolls when taking damage. [potion of mutation]
 93758 | Pan      | Gained mutation: You are strong-willed. (Will+) [potion of
                  | mutation]
 93758 | Pan      | Gained mutation: You passively map a small area around you.
                  | [potion of mutation]
 93758 | Pan      | Gained mutation: You are partially covered in iridescent
                  | scales. (AC +2) [potion of mutation]
 93767 | Pan      | Noticed Zuisad the pandemonium lord
 93788 | Pan      | Killed Zuisad the pandemonium lord
 94481 | Pan      | Found an exit through the horrors of the Abyss.
 95183 | Pan      | Identified the +7 mace of Syum {elec, rElec Dex+10 Stlth-}
 95185 | Pan      | Gained mutation: You occasionally lose the ability to drink
                  | potions when taking damage. [a cacodemon]
 95321 | Pan      | Got the Vellum of Noxious Imprecation
 95355 | Pan      | Lost mutation: You are partially covered in iridescent
                  | scales. (AC +2) [potion of mutation]
 95355 | Pan      | Lost mutation: You occasionally lose the ability to read
                  | scrolls when taking damage. [potion of mutation]
 95355 | Pan      | Gained mutation: Your mind is acute. (Int +4, Str/Dex -1)
                  | [potion of mutation]
 95355 | Pan      | Gained mutation: You are partially covered in large bone
                  | plates. (SH +4) [potion of mutation]
 95355 | Pan      | Gained mutation: Your spells are a little easier to cast,
                  | but a little less powerful. [potion of mutation]
 95355 | Pan      | Gained mutation: You are partially covered in iridescent
                  | scales. (AC +2) [potion of mutation]
 95356 | Pan      | Lost mutation: You are covered in fur. (AC +1) [potion of
                  | mutation]
 95356 | Pan      | Lost mutation: You sometimes lose your temper in combat.
                  | [potion of mutation]
 95356 | Pan      | Lost mutation: You are partially covered in iridescent
                  | scales. (AC +2) [potion of mutation]
 95356 | Pan      | Gained mutation: You are partially covered in iridescent
                  | scales. (AC +2) [potion of mutation]
 95356 | Pan      | Gained mutation: Armour fits poorly on your strangely
                  | shaped body. [potion of mutation]
 95356 | Pan      | Lost mutation: Your spells are a little easier to cast, but
                  | a little less powerful. [potion of mutation]
 95403 | Pan      | Entered the realm of Gloorx Vloq.
 95767 | Pan      | Found an exit through the horrors of the Abyss.
 96375 | Pan      | Noticed Gloorx Vloq
 96384 | Pan      | Killed Gloorx Vloq
 96550 | Pan      | Got a dark rune of Zot
 96926 | Pan      | Noticed Joizeap the pandemonium lord
 96938 | Pan      | Killed Joizeap the pandemonium lord
 97056 | Pan      | Gained mutation: You are frail. (-10% HP) [a cacodemon]
 97057 | Pan      | Lost mutation: You are partially covered in iridescent
                  | scales. (AC +2) [a cacodemon]
 97367 | Pan      | Entered the realm of Mnoleg.
 97421 | Pan      | Gained mutation: You sometimes lose the ability to drink
                  | potions when taking damage. [a cacodemon]
 97660 | Pan      | Gained mutation: You are weak. (Str -2) [a neqoxec]
 97696 | Pan      | Gained mutation: You sometimes lose your temper in combat.
                  | [a neqoxec]
 97740 | Pan      | Noticed Mnoleg
 97763 | Pan      | Killed Mnoleg
 97865 | Pan      | Got a glowing rune of Zot
 98081 | Pan      | Lost mutation: You are frail. (-10% HP) [potion of
                  | mutation]
 98081 | Pan      | Lost mutation: You are partially covered in large bone
                  | plates. (SH +4) [potion of mutation]
 98081 | Pan      | Gained mutation: You have sharp fingernails. [potion of
                  | mutation]
 98081 | Pan      | Gained mutation: You have a pair of horns on your head.
                  | [potion of mutation]
 98199 | Depths:2 | Escaped Pandemonium
 98224 | Hell     | Entered the Vestibule of Hell
 98224 | Hell     | Noticed Geryon
 98384 | Hell     | Killed Geryon
 98464 | Hell     | Found a gateway to the Iron City of Dis.
 98636 | Hell     | Found a gateway to the freezing wastes of Cocytus.
 98747 | Hell     | Found a gateway to the decaying netherworld of Tartarus.
 98995 | Hell     | Found a gateway to the ashen valley of Gehenna.
 99137 | Tar:1    | Entered Level 1 of Tartarus
 99602 | Tar:3    | You fall into a shaft and drop 3 floors!
100049 | Tar:7    | Entered Level 7 of Tartarus
100101 | Tar:7    | Noticed a dread lich
100120 | Tar:7    | Killed a dread lich
100383 | Tar:7    | Noticed an ancient lich
100398 | Tar:7    | Killed an ancient lich
100574 | Tar:7    | Noticed a dread lich
100579 | Tar:7    | Killed a dread lich
100965 | Tar:7    | Identified the ring "Peum" {rF+ rN+}
100991 | Tar:7    | Found the +8 pair of quick blades "Gyre" and "Gimble"
                  | {protect}
101549 | Tar:7    | Found the +7 hand cannon "Mule" {flame, backblast, rF+}
101560 | Tar:7    | Identified the amulet "Ubeinila" {RegenMP Str+3 Stlth+}
101604 | Tar:7    | Reached skill level 27 in Dodging
101604 | Tar:7    | Reached skill level 27 in Shields
101818 | Tar:7    | Got the Discourse on Twisted Phantasms
101990 | Tar:7    | Found the ring of the Tortoise {AC+8}
102014 | Tar:7    | Identified the ring "Woung" {rF+++ Will+ MP+9 Str-2 Dex-5}
102121 | Tar:7    | Noticed Ereshkigal
102260 | Tar:7    | Killed Ereshkigal
102261 | Tar:7    | Reached skill level 15 in Polearms
102331 | Tar:7    | Got a bone rune of Zot
102363 | Tar:7    | Noticed a dread lich
102373 | Tar:7    | Killed a dread lich
102517 | Dis:1    | Entered Level 1 of the Iron City of Dis
102519 | Dis:1    | Noticed an ancient lich
102543 | Dis:1    | Killed an ancient lich
103726 | Dis:7    | Entered Level 7 of the Iron City of Dis
104113 | Dis:7    | Identified the +1 glaive of the Lettuce {heavy, rElec rPois
                  | Int+5}
105173 | Dis:7    | Gained mutation: Potions are less effective at restoring
                  | your health. [a cacodemon]
105289 | Dis:7    | Identified the +8 bardiche of Nuuffesm {freeze, rF+ rC+}
105333 | Dis:7    | Identified the staff "Fiyhih" {Int+3 Conj Summ}
105381 | Dis:7    | Identified the +0 great mace "Ylecam" {venom, Str+2 Int+4}
105510 | Dis:7    | Identified the ring "Waomnysu" {Fly rF+ Int+4}
105564 | Dis:7    | Noticed Dispater
105602 | Dis:7    | Killed Dispater
105661 | Dis:7    | Got an iron rune of Zot
105796 | Dis:7    | Identified the amulet "Pidug" {Reflect Rampage Str+5 SH+5}
106067 | Coc:1    | Entered Level 1 of Cocytus
106449 | Coc:2    | Paralysed by a wendigo for 1 turns
106859 | Coc:5    | Paralysed by a wendigo for 1 turns
106861 | Coc:5    | Paralysed by a wendigo for 1 turns
106870 | Coc:5    | Paralysed by a wendigo for 1 turns
106871 | Coc:5    | HP: 16/419 [/seracfall (37)]
107032 | Coc:6    | Noticed a dread lich
107032 | Coc:6    | Noticed a dread lich
107032 | Coc:6    | Noticed an ancient lich
107039 | Coc:6    | Killed a dread lich
107046 | Coc:6    | Killed an ancient lich
107048 | Coc:6    | Killed a dread lich
107219 | Coc:6    | Paralysed by a wendigo for 1 turns
107470 | Coc:7    | Entered Level 7 of Cocytus
107541 | Coc:7    | Noticed a dread lich
107550 | Coc:7    | Killed a dread lich
107551 | Coc:7    | Reached skill level 27 in Polearms
107867 | Coc:7    | Noticed an ancient lich
107880 | Coc:7    | Killed an ancient lich
108232 | Coc:7    | Identified the ring "Rehoxkoaw" {Fly rC+ EV+5}
108232 | Coc:7    | Noticed Antaeus
108458 | Coc:7    | Killed Antaeus
108518 | Coc:7    | Found the +1 cloak of Starlight {*Dazzle EV+4 Stlth--}
108534 | Coc:7    | Identified the ring of Tension {rCorr Dex+3}
108538 | Coc:7    | Got an icy rune of Zot
108566 | Coc:7    | Got the Volume of the Doomed Escort
108926 | Geh:1    | Entered Level 1 of Gehenna
109324 | Geh:5    | Noticed a dread lich
109331 | Geh:5    | Killed a dread lich
109416 | Geh:5    | Noticed an ancient lich
109421 | Geh:5    | Killed an ancient lich
109701 | Geh:7    | Entered Level 7 of Gehenna
110227 | Geh:7    | Found the +13 sceptre of Asmodeus
110227 | Geh:7    | Noticed Asmodeus
110238 | Geh:7    | Killed Asmodeus
110242 | Geh:7    | Got an obsidian rune of Zot
110445 | Geh:7    | Noticed the Serpent of Hell
110458 | Geh:7    | Killed the Serpent of Hell
111599 | Tomb:1   | Entered Level 1 of the Tomb of the Ancients
112173 | Tomb:1   | Noticed a royal mummy
112178 | Tomb:1   | Killed a royal mummy
112387 | Tomb:1   | Noticed a royal mummy
112394 | Tomb:1   | Killed a royal mummy
112595 | Tomb:2   | Noticed a royal mummy
112595 | Tomb:2   | Noticed a royal mummy
112596 | Tomb:2   | Noticed a royal mummy
112607 | Tomb:2   | Killed a royal mummy
112607 | Tomb:2   | Noticed a royal mummy
112608 | Tomb:2   | Killed a royal mummy
112609 | Tomb:2   | Killed a royal mummy
112613 | Tomb:2   | Killed a royal mummy
113103 | Tomb:1   | Noticed a royal mummy
113103 | Tomb:1   | Noticed a royal mummy
113110 | Tomb:1   | Noticed a royal mummy
113119 | Tomb:1   | Killed a royal mummy
113123 | Tomb:1   | Killed a royal mummy
113124 | Tomb:1   | Killed a royal mummy
113188 | Tomb:1   | Noticed a royal mummy
113197 | Tomb:1   | Killed a royal mummy
113308 | Tomb:1   | Noticed a royal mummy
113314 | Tomb:1   | Noticed a royal mummy
113315 | Tomb:1   | Noticed a royal mummy
113322 | Tomb:1   | Reached skill level 27 in Spellcasting
113322 | Tomb:1   | Killed a royal mummy
113323 | Tomb:1   | Killed a royal mummy
113323 | Tomb:1   | Killed a royal mummy
113449 | Tomb:1   | Noticed a royal mummy
113455 | Tomb:1   | Killed a royal mummy
113508 | Tomb:1   | Noticed a royal mummy
113510 | Tomb:1   | Noticed a royal mummy
113513 | Tomb:1   | Killed a royal mummy
113515 | Tomb:1   | Noticed a royal mummy
113515 | Tomb:1   | Killed a royal mummy
113523 | Tomb:1   | Killed a royal mummy
113533 | Tomb:1   | Noticed a royal mummy
113533 | Tomb:1   | Noticed a royal mummy
113539 | Tomb:1   | Killed a royal mummy
113540 | Tomb:1   | Killed a royal mummy
113572 | Tomb:1   | Noticed a royal mummy
113582 | Tomb:1   | Killed a royal mummy
113833 | Tomb:3   | Entered Level 3 of the Tomb of the Ancients
113863 | Tomb:3   | Noticed a royal mummy
113865 | Tomb:3   | Noticed a royal mummy
113865 | Tomb:3   | Noticed a royal mummy
113865 | Tomb:3   | Noticed a royal mummy
113867 | Tomb:3   | Noticed a royal mummy
113875 | Tomb:2   | Killed a royal mummy
114196 | Tomb:3   | Noticed a royal mummy
114198 | Tomb:3   | Killed a royal mummy
114201 | Tomb:3   | Noticed a royal mummy
114205 | Tomb:3   | Killed a royal mummy
114206 | Tomb:3   | Noticed a royal mummy
114206 | Tomb:3   | Noticed a royal mummy
114207 | Tomb:3   | Killed a royal mummy
114373 | Tomb:3   | Killed a royal mummy
114373 | Tomb:3   | Killed a royal mummy
114374 | Tomb:3   | Killed a royal mummy
114381 | Tomb:3   | Killed a royal mummy
114385 | Tomb:3   | Killed a royal mummy
114553 | Tomb:3   | Acquired the Compendium of Immolation
114558 | Tomb:3   | Got the Almanac of Dark Obstruction
114672 | Tomb:3   | Found the +11 plutonium sword {^Contam Stlth-}
114695 | Tomb:3   | Identified the staff of the Ageless Defenders {rC+ Will++
                  | Ice}
114709 | Tomb:3   | Identified the ring of Amitul {Wiz +Blink Stlth+}
114793 | Tomb:3   | Got a golden rune of Zot
114841 | Tomb:2   | Paralysed by a Zot trap for 4 turns
115880 | Zot:5    | Noticed a dread lich
115883 | Zot:5    | Killed a dread lich
115933 | Zot:5    | Noticed an orb of fire
115945 | Zot:5    | Noticed an orb of fire
115949 | Zot:5    | Killed an orb of fire
115964 | Zot:5    | Noticed an orb of fire
115981 | Zot:5    | Killed an orb of fire
116036 | Zot:5    | Noticed an ancient lich
116080 | Zot:5    | Killed an ancient lich
116123 | Zot:5    | Noticed an orb of fire
116125 | Zot:5    | Noticed an orb of fire
116126 | Zot:5    | Noticed an orb of fire
116128 | Zot:5    | Noticed an orb of fire
116129 | Zot:5    | Gained mutation: You have hidden genetic defects. [an orb
                  | of fire]
116130 | Zot:5    | Got the Orb of Zot
116130 | Zot:5    | Gained mutation: You are frail. (-10% HP) [an orb of fire]
116149 | Zot:5    | Gained mutation: You occasionally shout uncontrollably at
                  | your foes. [an orb of fire]
116149 | Zot:5    | Lost mutation: You are frail. (-10% HP) [an orb of fire]
116150 | Zot:5    | Gained mutation: Your spells are a little easier to cast,
                  | but a little less powerful. [an orb of fire]
116150 | Zot:5    | Gained mutation: You do not regenerate when monsters are
                  | visible. [an orb of fire]
116150 | Zot:5    | Gained mutation: You are vulnerable to heat. (rF-) [an orb
                  | of fire]
116150 | Zot:5    | Gained mutation: Your spells are easier to cast, but less
                  | powerful. [an orb of fire]
116151 | Zot:5    | Gained mutation: You are frail. (-10% HP) [an orb of fire]
116151 | Zot:5    | Gained mutation: You are very weak. (Str -4) [an orb of
                  | fire]
116151 | Zot:5    | Gained mutation: Your body sometimes deteriorates upon
                  | taking damage. [an orb of fire]
116151 | Zot:5    | Lost mutation: Your mind is acute. (Int +4, Str/Dex -1) [an
                  | orb of fire]
116152 | Zot:5    | Gained mutation: Your magical capacity is low. (-10% MP)
                  | [an orb of fire]
116152 | Zot:5    | Lost mutation: Your magical capacity is low. (-10% MP) [an
                  | orb of fire]
116273 | Depths:4 | Noticed a seraph
116343 | Depths:1 | Noticed Puew the pandemonium lord
116694 | D:$      | Escaped with the Orb!

Illustrated notes

Levels and vault maps discovered:
D:1:      heliophobic_arrival_ceremonial_halls, layout_basic, serial_forest,
          infiniplex_forest_lined_room_3, infiniplex_forest_straight_2,
          infiniplex_forest_lined_3, infiniplex_forest_clump_small,
          infiniplex_forest_zigzag_1, infiniplex_forest_lined_room_,
          infiniplex_forest_straight_4, infiniplex_forest_end_2,
          infiniplex_forest_straight_2, infiniplex_forest_corner_1, st_stairs_3,
          minmay_misc_feat_doors, minivault_4, minmay_lizard_pond
D:2:      layout_basic, minmay_worlds_worst_comb
D:3:      layout_basic, mainiacjoe_overflow_small_starburst,
          nicolae_ecumenical_lake_church, nicolae_titane
D:4:      layout_basic, mainiacjoe_overflow_swirl, old_standard_altar
D:5:      layout_basic, uniq_menkaure
D:6:      layout_basic, serial_shops, shop, enter_ossuary_3,
          minmay_stone_trees_small, corexii_hall_statues_l,
          minmay_fractal_squares_gapless_5
D:7:      lemuel_bear_cage, layout_cave_pools, minmay_temple_entry_stoned_glass,
          serial_gnoll_camp, gnoll_camp_mini_loothouse, gnoll_camp_huts_moat,
          gnoll_camp_mini_hut, gnoll_camp_mini_basic, serial_shops, shop,
          st_stairs_4, nicolae_shop_distant_corner_stores
D:8:      layout_gridville
D:9:      layout_cave_pools, roderic_roman_lattice, dk_noncrumbling_4,
          uniq_jeremiah, uniq_psyche
D:10:     minmay_cornered_nines, layout_small_grid,
          mainiacjoe_overflow_surrounded_room
D:11:     minmay_the_grid_octo_tiled_octocenter [minmay_the_grid_octo_shrine,
          minmay_the_grid_octo_vomiting_pacman, minmay_the_grid_octo_checkered,
          minmay_the_grid_octo_focus, minmay_the_grid_octo_prize_single_spiral,
          minmay_the_grid_square_5x5_bite,
          minmay_the_grid_square_5x5_half_checkered,
          minmay_the_grid_square_5x5_misaligned,
          minmay_the_grid_square_5x5_seven], layout_stronghold,
          minmay_lair_entry_lava, serial_shops, nicolae_diamond_shop,
          chequers_garden
D:12:     layout_cave_pools
D:13:     layout_loops_ring, hellmonk_vaults_attempted_burglary,
          gauntlet_entry_generic
D:14:     layout_roguey, serial_curves, eino_curves_01, eino_curves_01,
          nicolae_wu_jian_immortal_techniques
D:15:     grunt_enter_depths_hoard, layout_cave_pools, nicolae_ru_path_of_blood,
          nicolae_shop_i_like_small_books_too, uniq_rupert, uniq_agnes
Temple:   nicolae_temple_bog_church
Lair:1:   layout_roguey, special_room [special_room_bee],
          portal_ice_cave_entry_ice_simulacra, kennysheep_rathole,
          infiniplex_staircase_pool_2
Lair:2:   layout_cave_pods, lemuel_fruit_fields, serial_bayou_shore_a, uniq_urug
Lair:3:   layout_regular_city, mainiacjoe_swamp_entry_lozenge_pond,
          spider_nest_entry_webs, minivault_27, grunt_megastairs_3, uniq_snorg
Lair:4:   layout_long_grid, nicolae_lair_time_for_slime, grunt_megastairs_1
Lair:5:   minmay_lair_end_frog_pond, layout_small_grid, slime_entry_1,
          uniq_sonja, uniq_josephine
Swamp:1:  layout_basic_swamp, nicolae_swamp_feature_on_the_river_bank,
          nicolae_swamp_long_stream
Swamp:2:  layout_basic_swamp, nicolae_swamp_big_swirl, uniq_louise, uniq_jorgrun
Swamp:3:  nzn_winding_woodlands_three_and_one
          [nzn_winding_woodlands_5x15_sidewinder,
          nzn_winding_woodlands_5x15_twine, nzn_winding_woodlands_5x15_pockets,
          nzn_winding_woodlands_center_pierced_h], layout_falls_marsh,
          evilmike_swamp_ruin_rubble_1
Swamp:4:  byrel_swamp_growth_death_and_undeath, layout_basic_swamp
Spider:1: layout_spider_delve, hangedman_spider_tarantella_strand,
          uniq_asterion, uniq_azrael
Spider:2: layout_spider_delve
Spider:3: layout_cave_pods, hellmonk_narrow_tunnel, uniq_bai_suzhen
Spider:4: guppyfry_spider_rune
Slime:1:  layout_caves
Slime:2:  layout_caves, nicolae_slime_phagocytosis
Slime:3:  layout_caves
Slime:4:  layout_caves, nicolae_slime_welcoming_committee
Slime:5:  slime_pit
Orc:1:    layout_caves, serial_shops, nicolae_shop_tiny_glass
Orc:2:    st_orc_ogre_mass, layout_caves, guppyfry_orc_lava_fort
Elf:1:    eino_elf_arrival_sip, layout_geoelf_octagon, basic_altar,
          mu_enter_wizlab_3, hangedman_elf_represent, dreamdust_wishing_well,
          not_door_vault_mu, small_statue_intersection
Elf:2:    elven_hall_of_blades_hangedman_alternative
          [nicolae_blade_entry_area_security], layout_geoelf_octagon,
          serial_shops, nicolae_shop_gaudy_bauble,
          nicolae_shop_just_a_little_nook
Elf:3:    minmay_elf_hall_furrowed, layout_geoelf_octagon, basic_altar,
          minmay_misc_feat_pillars
Vaults:1: nicolae_vaults_big_ls, vaults_room_hallway, v_alt_pattern_2,
          nicolae_vaults_storage_room_water, ontoclasm_vaults_decontamination,
          v_misc_29, v_misc_19, nicolae_vaults_heist,
          nicolae_vaults_trapezoid_1, grunt_tower_of_power,
          hangedman_vaults_stretched_pinwheel, ontoclasm_vaults_ligature,
          minmay_orc_keep, vaults_dpeg_emergency_exit, layout_vaults_omnicross,
          serial_shops, shop, shop
Vaults:2: nicolae_vaults_security_offices_4, nicolae_vaults_shrinking_rooms_2,
          v_pattern_3, hangedman_vaults_maws, ontoclasm_vaults_chip,
          layout_vaults_omnigrid, serial_shops, shop
Vaults:3: v_misc_5, hangedman_vaults_impose,
          nicolae_vaults_diffraction_hallways, minmay_crypt_entry_simple_plaza,
          nicolae_vaults_specimen_jars, nicolae_vaults_mini_display_case,
          ontoclasm_vaults_gateway, nicolae_vaults_ellipses_ellipsis,
          hangedman_vaults_restitches, v_alt_pattern_5,
          nicolae_vaults_tetromino_Z_1, nicolae_vaults_heart-shaped_vault,
          nicolae_vaults_tangram_1, layout_vaults_omnibox, uniq_norris,
          uniq_sojobo
Vaults:4: nicolae_vaults_diamond_1, vaults_room_octagon,
          nicolae_vaults_network_barrier, v_misc_3,
          nicolae_vaults_offset_grid_hallway_4, nicolae_vaults_sesquioval_fish,
          nicolae_vaults_stepped_doors, nicolae_vaults_swerve,
          nicolae_vaults_two_Ls, nicolae_vaults_offset_grid_hallway_1,
          vaults_mumra_minichess, v_misc_14,
          nicolae_vaults_trapezoid_lopsided_1, layout_vaults_maze_bifur,
          enter_trove_5
Vaults:5
Crypt:1:  layout_gridlike, serial_library_hellmonk_small_corner,
          grunt_crypt_arrival_split
Crypt:2:  layout_misc_corridors, nicolae_danse_macabre
Crypt:3:  due_elkab, layout_chaotic_city, nicolae_tomb_entry_rubble_hallway
Tomb:1
Tomb:2
Tomb:3
Depths:1: layout_honeycomb, nicolae_uskayaw_murder_on_the_dancefloor,
          nicolae_abyss_entry_one_way_or_another, pf_hell_entry_tar_river,
          minmay_st_funbox, tgw_lugonu_bribe
Depths:2: bobbens_index_wilting_gardens, layout_basic, rand_demon_pan_entry_3,
          pf_coc_iceberg, minmay_holes
Depths:3: dreamdust_isle_of_ice, layout_cave_pools, abyss_entry,
          hangedman_geh_valley, nzn_hepliaklqana_mist_gate
Depths:4: lemuel_castle_with_subvaults [lemuel_castle_interior_carwin_3],
          layout_cave_shapes, enter_ziggurat_b, hell_entry,
          minmay_room_of_horrors, pan_entry, elyvilon_altar_3, st_stairs_11
Hell
Dis:1:    layout_gridville
Dis:2:    layout_subdivisions, nicolae_hells_fiendish_ambush
Dis:3:    layout_gridville
Dis:4:    layout_jigsaw
Dis:5:    layout_gridville
Dis:6:    layout_subdivisions
Dis:7:    iron_city_of_dis [dis_grunt, dis_wall_4], layout_gridville,
          nicolae_dis_metal_dragon_surprise
Geh:1:    layout_gehenna_pools_triple
Geh:2:    layout_gehenna_lava_caves
Geh:3:    layout_gehenna_lava_caves
Geh:4:    layout_gehenna_pools_triple, nicolae_geh_isolated_escape
Geh:5:    layout_gehenna_lava_caves
Geh:6:    layout_gehenna_pools_box
Geh:7:    geh_hangedman
Coc:1:    layout_cocytus_delve, nicolae_coc_kraken_the_ice
Coc:2:    layout_cocytus_water_paths
Coc:3:    layout_ice_bergs
Coc:4:    layout_cocytus_delve
Coc:5:    layout_ice_bergs
Coc:6:    layout_cocytus_delve, nicolae_coc_liches_on_tour
Coc:7:    coc_grunt_cove [coc_grunt_cove_antaeus, coc_grunt_cove_fiend,
          coc_grunt_cove_fiend, coc_grunt_cove_fiend, coc_grunt_cove_fiend]
Tar:1:    layout_catacombs
Tar:2:    layout_cathedral_of_symmetry, nicolae_tar_four_comb_rooms
Tar:3:    layout_grid_maze, nicolae_tar_cuneiform_two
Tar:6:    layout_catacombs
Tar:7:    tar_old
Zot:1:    layout_basic
Zot:2:    layout_onion_interference, lemuel_lake_of_fire,
          regret_index_zotdec_banners
Zot:3:    layout_gridlike, basic_altar, regret_index_zotdec_slimy_original,
          st_small_dragon_hoard_4, hangedman_zot_decor_checkerboard, uniq_tiamat
Zot:4:    layout_twisted_circle, regret_index_zotdec_obsidian_hm
Zot:5:    layout_gridlike

Skill      XL: |  1  2  3  4  5  6  7  8  9 10 11 12 13 14 15 16 17 18 19 20 21 22 23 24 25 26 27 |
---------------+----------------------------------------------------------------------------------+-----
Fighting       | 3 4 5 6 7 8 10 11 12 13 15 16 17 18 20 21 22 25 27 | 27.0
Polearms       | 3 4 5 6 7 8 9 10 12 13 14 27 | 27.0
Translocations | 3 4 5 8 9 10 | 10.0
Spellcasting   | 3 5 6 8 9 10 12 15 27 | 27.0
Shields        | 2 6 9 10 11 15 27 | 27.0
Invocations    | 1 6 10 11 12 | 12.0
Armour         | 4 6 8 10 11 | 11.0
Dodging        | 5 7 9 10 12 15 27 | 27.0
Air Magic      | 3 5 |  5.0
Shapeshifting  | 1 11 15 16 25 | 25.0
Fire Magic     | 5 12 16 18 20 24 | 24.3
Throwing       | |  1.0
Evocations     | |  0.1

Action                     |  1- 3 |  4- 6 |  7- 9 | 10-12 | 13-15 | 16-18 | 19-21 | 22-24 | 25-27 || total
---------------------------+-------+-------+-------+-------+-------+-------+-------+-------+-------++-------
  Melee: Spear             |   167 |   174 |   211 |       |       |       |       |       |       ||   552
         Headbutt          |    18 |    40 |    69 |   125 |   207 |   274 |   307 |   266 |  2243 ||  3549
         Trident           |       |       |   209 |   577 |   469 |       |       |       |       ||  1255
         Demon trident     |       |       |       |       |   772 |  1604 |  1713 |  1671 |  9314 || 15074
  Throw: Dart              |       |       |     2 |       |       |       |       |       |       ||     2
   Cast: Manifold Assault  |       |       |       |       |   215 |   281 |   406 |   295 |  1495 ||  2692
         Lesser Beckoning  |       |       |       |       |       |     1 |       |       |       ||     1
         Blink             |       |       |       |       |       |       |     2 |     4 |     4 ||    10
         Vhi's Electric Ch |       |       |       |       |       |       |     2 |       |     6 ||     8
         Ignition          |       |       |       |       |       |       |       |       |   288 ||   288
 Invoke: Slouch            |       |       |       |     1 |     8 |    14 |    17 |     8 |    39 ||    87
         Bend Time         |       |       |       |     1 |       |       |       |       |     1 ||     2
         Step From Time    |       |       |       |       |       |       |       |     1 |     2 ||     3
  Evoke: Wand              |       |     1 |    15 |    12 |     1 |       |       |       |    13 ||    42
    Use: Scroll            |     8 |     1 |     9 |    17 |    10 |     8 |     9 |     8 |    37 ||   107
         Potion            |       |       |     5 |     5 |     2 |     3 |     1 |     8 |    49 ||    73
   Stab: Sleeping          |     1 |     1 |     1 |     4 |    12 |     8 |     2 |    22 |    18 ||    69
         Distracted        |       |       |     1 |     1 |     6 |     4 |     7 |     5 |    68 ||    92
         Invisible         |       |       |       |       |       |       |       |     3 |     2 ||     5
 Armour: Robe              |    53 |    73 |   283 |   315 |   232 |       |       |       |       ||   956
         Skin              |       |       |       |    21 |     2 |       |   220 |   564 |  2079 ||  2886
         Troll leather arm |       |       |       |       |    33 |   342 |   272 |       |       ||   647
  Dodge: Dodged            |    54 |    80 |   162 |   161 |   155 |   248 |   407 |   815 |  4860 ||  6942
  Block: Kite shield       |       |       |    16 |   350 |   722 |   111 |       |       |       ||  1199
         Tower shield      |       |       |       |       |       |  1130 |  1335 |  1909 | 11460 || 15834
   Form: Statue            |       |       |       |       |       |       |     1 |       |       ||     1

Table legend: (Time is in decaauts)
 A = Elapsed time spent in this place.
 B = Non-inter-level travel time spent in this place.
 C = Inter-level travel time spent in this place.
 D = Time resting spent in this place.
 E = Time spent auto-exploring this place.
 F = Levels seen in this place.
 G = Mean time per level.
                   A        B        C        D        E       F      G
               +--------+--------+--------+--------+--------+-----+--------+
         Total | 208051 | 178905 |  29146 |  34338 | 102528 | 109 | 1908.7 |
       Dungeon |  29457 |  23761 |   5696 |   6876 |  12938 |  15 | 1963.8 |
        Temple |    154 |    123 |     31 |    120 |      0 |   1 |  154.0 |
          Lair |  13064 |  11790 |   1274 |   1157 |   9177 |   5 | 2612.8 |
         Swamp |   6812 |   6506 |    306 |    925 |   4458 |   4 | 1703.0 |
   Spider Nest |   9010 |   8084 |    926 |   1545 |   5476 |   4 | 2252.5 |
    Slime Pits |   2917 |   2335 |    582 |   1467 |    120 |   5 |  583.4 |
  Orcish Mines |   2927 |   2238 |    689 |    152 |   1664 |   2 | 1463.5 |
   Elven Halls |   7614 |   6676 |    938 |    606 |   4737 |   3 | 2538.0 |
        Vaults |  18982 |  16575 |   2407 |    855 |  13129 |   5 | 3796.4 |
         Crypt |   8680 |   7632 |   1048 |    337 |   5812 |   3 | 2893.3 |
          Tomb |   7150 |   4980 |   2170 |   1913 |   1855 |   3 | 2383.3 |
        Depths |  20204 |  15124 |   5080 |   3313 |   9343 |   4 | 5051.0 |
          Hell |   2231 |   1645 |    586 |     19 |   1161 |   1 | 2231.0 |
           Dis |   6771 |   4673 |   2098 |   1372 |    618 |   7 |  967.3 |
       Gehenna |   4930 |   3718 |   1212 |    898 |   1536 |   7 |  704.3 |
       Cocytus |   5731 |   4624 |   1107 |   1539 |   1215 |   7 |  818.7 |
      Tartarus |   6626 |   5086 |   1540 |   2349 |   1258 |   5 | 1325.2 |
           Zot |  11374 |   9926 |   1448 |   1506 |   6742 |   5 | 2274.8 |
         Abyss |   4814 |   4814 |      0 |    323 |   2071 |   5 |  962.8 |
   Pandemonium |  34091 |  34091 |      0 |   5275 |  18109 |  14 | 2435.1 |
         Trove |     80 |     80 |      0 |      0 |      0 |   1 |   80.0 |
      Ice Cave |   1542 |   1542 |      0 |    970 |    121 |   1 | 1542.0 |
        Wizlab |   1835 |   1835 |      0 |    379 |    677 |   1 | 1835.0 |
      Gauntlet |   1045 |   1045 |      0 |    435 |    304 |   1 | 1045.0 |
               +--------+--------+--------+--------+--------+-----+--------+

Top non-repeatable levels by time:
Depths:2: 7307 daAuts
Depths:4: 6253 daAuts
Vaults:1: 4714 daAuts
   Dis:7: 4687 daAuts
   Tar:7: 4594 daAuts
    D:11: 4437 daAuts
Vaults:4: 4203 daAuts
Depths:3: 3825 daAuts
  Tomb:1: 3725 daAuts
Vaults:5: 3597 daAuts
 Crypt:3: 3594 daAuts
   Geh:7: 3481 daAuts
  Lair:5: 3421 daAuts
     D:6: 3391 daAuts
Vaults:2: 3379 daAuts
